 Dungeon Crawl Stone Soup version 0.25-a0-1126-g5fd7b56c60 (webtiles) character file.

Game seed: 12601522433973452111, levelgen mode: deterministic

635514 Jannitor the Slayer (level 27, -10/193 HPs)
             Began as a Naga Necromancer on Mar 2, 2020.
             Was a Favourite Plaything of Xom.
             Killed from afar by an orb of fire (16 damage)
             ... with a bolt of fire
             ... on level 5 of the Realm of Zot on May 19, 2020.
             The game lasted 04:54:14 (86151 turns).

Jannitor the Slayer (Naga Necromancer)             Turns: 86151, Time: 04:54:15

Health: -10/193    AC: 42    Str: 12    XL:     27
Magic:  0/45       EV: 20    Int: 25    God:    Xom [..*...]
Gold:   6359       SH: 25    Dex: 22    Spells: 18/63 levels left

rFire    + + +     SeeInvis +   P - +9 broad axe (protect)
rCold    + . .     Gourm    .   Q - +8 tower shield
rNeg     + + .     Faith    .   X - +3 faerie dragon scales {rPois rF+ rCorr}
rPois    +         Spirit   +   Y - +2 hat of the Bear Spirit {Spirit, +Rage rN+ MR++}
rElec    +         Reflect  .   x - +2 cloak {Stlth+}
rCorr    +         Harm     .   u - +1 pair of gloves of Light {Dex+3 Stlth+}
MR       +++++     Rnd*Rage +   h - +4 naga barding
Stlth    +.........             v - amulet of the Air {Inacc +Fly rElec EV+5 RMsl}
HPRegen  0.42/turn              w - ring of Jat Peu {rN+ Dex+6 Slay+3 SInv}
MPRegen  0.29/turn              J - ring of Secrets {Int+3 Slay+4}

@: mighty, about to teleport, resistant, contaminated, hasted, glowing,
constricted, repel missiles, quick
A: large, horns 1, stinger 1, iridescent scales 1, thin metallic scales 1,
camouflage 1, see invisible, berserk 1, clever 1, clumsy 1, deformed body, fire
resistance 1, frail 3, poison resistance, screaming 1, electricity resistance,
slowness 2, slow metabolism 1, spit poison 2, weak 2, wild magic 1, MP-powered
wands, constrict 1, AC +9
0: Orb of Zot
}: 3/15 runes: decaying, silver, gossamer
a: Breathe Poison Gas, Renounce Religion, Evoke Berserk Rage, Evoke Flight


You were on level 5 of the Realm of Zot.
You worshipped Xom.
You were a toy of Xom.
You were full.

You visited 10 branches of the dungeon, and saw 52 of its levels.
You visited 1 bazaar.
You also visited: Trove and Gauntlet.

You collected 15669 gold pieces.
You spent 9310 gold pieces at shops.

Inventory:

Hand Weapons
 b - a +2 antimagic demon whip
 P - a +9 broad axe of protection (weapon)
Missiles
 t - 4 throwing nets (quivered)
 C - 28 javelins
Armour
 h - a +4 naga barding (worn)
 s - the +4 Cigotuvi's embrace {rRot *Drain rN+}
   (You found it on level 3 of the Elven Halls)

   It protects you from negative energy.
   It causes draining when unequipped.
 u - the +1 pair of gloves of Light (worn) {Dex+3 Stlth+}
   (You found it on level 3 of the Elven Halls)

   It affects your dexterity (+3).
   It makes you more stealthy.
 x - a +2 cloak of stealth (worn)
 Q - a +8 tower shield (worn)
 X - the +3 faerie dragon scales (worn) {rPois rF+ rCorr}
   (You found it on level 2 of the Depths)

   It protects you from fire.
   It protects you from poison.
   It provides partial protection from all sources of acid and corrosion.
 Y - the +2 hat of the Bear Spirit (worn) {Spirit, +Rage rN+ MR++}
   (You bought it in a shop on level 12 of the Dungeon)

   It protects you from negative energy.
   It affects your resistance to hostile enchantments.
   It lets you go berserk.
Jewellery
 e - an uncursed ring of flight
 l - an uncursed ring of protection from cold
 q - an uncursed ring of protection from fire
 v - the amulet of the Air (around neck) {Inacc +Fly rElec EV+5 RMsl}
   (You found it on level 3 of the Elven Halls)

   [amulet of inaccuracy]

   It reduces the accuracy of all your attacks.
   It affects your evasion (+5).
   It insulates you from electricity.
   It lets you fly.
   It protects you from missiles.
 w - the ring of Jat Peu (left hand) {rN+ Dex+6 Slay+3 SInv}
   (You acquired it on level 1 of the Vaults)

   [ring of dexterity]

   It affects your dexterity (+6).
   It affects your accuracy and damage with ranged weapons and melee attacks
   (+3).
   It protects you from negative energy.
   It lets you see invisible.
 D - the ring of Satyriasis {rPois MR+ EV+4 Stlth+}
   (You found it on level 6 of the Lair of Beasts)

   [ring of evasion]

   It affects your evasion (+4).
   It protects you from poison.
   It affects your resistance to hostile enchantments.
   It makes you more stealthy.
 J - the ring of Secrets (right hand) {Int+3 Slay+4}
   (You found it in a treasure trove)

   [ring of slaying]

   It affects your intelligence (+3).
   It affects your accuracy and damage with ranged weapons and melee attacks
   (+4).
Wands
 y - a wand of digging (2)
 F - a wand of iceblast (61)
 H - a wand of clouds (8)
 I - a wand of acid (23)
 T - a wand of paralysis (27)
Scrolls
 k - 7 scrolls of identify
 G - 3 scrolls of enchant armour
 K - 8 scrolls of fear
 L - 4 scrolls of silence
 N - 5 scrolls of holy word
 O - 12 scrolls of teleportation
 Z - 7 scrolls of magic mapping
Potions
 d - 5 potions of might
 f - 2 potions of magic
 i - 7 potions of flight
 j - 16 potions of stabbing
 m - a potion of haste
 n - 11 potions of lignification
 o - 17 potions of curing
 p - 2 potions of ambrosia
 B - 2 potions of berserk rage
 E - 5 potions of mutation
 M - 4 potions of resistance
 R - 2 potions of cancellation
 S - 15 potions of brilliance
Miscellaneous
 r - a lightning rod (4/4)
 z - a phial of floods
 A - a tin of tremorstones (3/3)
Comestibles
 c - 44 rations


   Skills:
 + Level 22.1 Fighting
   Level 4.8 Short Blades
 - Level 18.2 Axes
 + Level 14.7 Armour
 + Level 14.3 Dodging
 - Level 10.2 Stealth
 + Level 11.5 Shields
 - Level 18.7 Spellcasting
 - Level 11.2 Conjurations
 - Level 13.2 Necromancy
 - Level 10.3 Transmutations
 - Level 3.0 Fire Magic
 - Level 14.4 Poison Magic
 * Level 11.0 Evocations


You had 18 spell levels left.
You knew the following spells:

 Your Spells              Type           Power        Failure   Level  Hunger
a - Pain                  Necr           ####         1%          1    None
b - Animate Skeleton      Necr           N/A          1%          1    None
c - Vampiric Draining     Necr           #######...   1%          3    None
d - Animate Dead          Necr           N/A          1%          4    None
e - Poisonous Vapours     Pois/Air       ######       1%          2    None
f - Olgreb's Toxic Radia  Pois           #######.     1%          4    None
g - Ignite Poison         Fire/Tmut/Pois ######..     1%          3    None
h - Irradiate             Conj/Tmut      #######...   3%          5    None
i - Passwall              Tmut/Erth      ######..     2%          2    None
j - Agony                 Necr           #######.     1%          5    None
k - Blink                 Tloc           N/A          13%         2    None
l - Apportation           Tloc           ####..       9%          1    None
m - Eringya's Noxious Bo  Tmut/Pois      #######...   9%          6    ###....
n - Death Channel         Necr           #######...   6%          6    ###....

Your spell library contained the following spells:

 Spells                   Type           Power        Failure   Level  Hunger
 Beastly Appendage        Tmut           ######       1%          1    None
 Foxfire                  Conj/Fire      ####         1%          1    None
 Magic Dart               Conj           ####         1%          1    None
 Shock                    Conj/Air       ####         1%          1    None
 Sting                    Tmut/Pois      ####         1%          1    None
 Sticks to Snakes         Tmut           #######.     1%          2    None
 Sublimation of Blood     Necr           #######...   1%          2    None
 Conjure Flame            Conj/Fire      ######..     1%          3    None
 Mephitic Cloud           Conj/Pois/Air  ######..     1%          3    None
 Spider Form              Tmut/Pois      #######...   1%          3    None
 Alistair's Intoxication  Tmut/Pois      #######.     2%          5    None
 Stone Arrow              Conj/Erth      ######       3%          3    None
 Blade Hands              Tmut           #######...   4%          5    None
 Sticky Flame             Conj/Fire      ######..     5%          4    None
 Corona                   Hex            ####...      9%          1    None
 Sandblast                Erth           ####..       9%          1    None
 Summon Butterflies       Summ           ####....     9%          1    None
 Summon Small Mammal      Summ           ####         9%          1    None
 Ice Form                 Ice/Tmut       ######..     11%         4    None
 Petrify                  Tmut/Erth      ######..     11%         4    None
 Call Imp                 Summ           ####....     13%         2    None
 Slow                     Hex            ####....     13%         2    None
 Inner Flame              Hex/Fire       #####...     13%         3    None
 Fireball                 Conj/Fire      ######....   13%         5    None
 Hydra Form               Tmut           #######...   19%         6    ###....
 Lightning Bolt           Conj/Air       ######....   22%         5    None
 Call Canine Familiar     Summ           ####....     24%         3    None
 Confusing Touch          Hex            ####....     24%         3    None
 Gell's Gravitas          Tloc           ####......   24%         3    None
 Lesser Beckoning         Tloc           ####......   24%         3    None
 Portal Projectile        Hex/Tloc       ####..       24%         3    None
 Recall                   Summ/Tloc      N/A          24%         3    None
 Spectral Weapon          Hex/Chrm       ####....     24%         3    None
 Summon Guardian Golem    Hex/Summ       ####....     24%         3    None
 Teleport Other           Tloc           ####....     24%         3    None
 Tukima's Dance           Hex            ####....     24%         3    None
 Yara's Violent Unravell  Hex/Tmut       ######....   26%         5    None
 Bolt of Magma            Conj/Fire/Erth ######....   30%         5    None
 Cause Fear               Hex            ####......   58%         4    None
 Leda's Liquefaction      Hex/Erth       ####......   58%         4    None
 Summon Ice Beast         Ice/Summ       ####....     58%         4    None
 Summon Lightning Spire   Summ/Air       ####....     58%         4    None
 Simulacrum               Ice/Necr       ######....   58%         6    ###....
 Dragon Form              Tmut           #######...   65%         7    #####..
 Conjure Ball Lightning   Conj/Air       ######....   73%         6    ###....
 Iron Shot                Conj/Erth      ######....   73%         6    ###....
 Statue Form              Tmut/Erth      ######...    78%         6    ###....
 Lee's Rapid Deconstruct  Erth           ####......   88%         5    None
 Metabolic Englaciation   Hex/Ice        ####......   88%         5    None
 Silence                  Hex/Air        ####......   88%         5    None
 Freezing Cloud           Conj/Ice/Air   ######....   92%         6    ###....
 Darkness                 Hex            ####......   100%        6    ###....
 Dispersal                Tloc           ####......   100%        6    ###....
 Invisibility             Hex            ####....     100%        6    ###....
 Ozocubu's Refrigeration  Ice            ####......   100%        6    ###....
 Malign Gateway           Summ/Tloc      ####......   100%        7    #####..
 Ring of Flames           Chrm/Fire      #####.....   100%        7    #####..
 Controlled Blink         Tloc           N/A          100%        8    ######.
 Discord                  Hex            ####......   100%        8    ######.
 Disjunction              Tloc           ####......   100%        8    ######.
 Dragon's Call            Summ           ####......   100%        9    #######
 Shatter                  Erth           ####......   100%        9    #######


Dungeon Overview and Level Annotations

Branches:
Dungeon (15/15)            Temple (0/1) D:7            Lair (6/6) D:10
  Swamp (4/4) Lair:2       Spider (4/4) Lair:2        Slime (0/5) Lair:6
    Orc (2/2) D:10            Elf (3/3) Orc:2        Vaults (5/5) D:13
  Crypt (3/3) Vaults:3       Tomb (0/3) Crypt:3      Depths (5/5) D:15
    Zot (5/5) Depths:5    Gauntlet (visited)

Altars:
Ashenzari
Cheibriados
Gozag
Kikubaaqudgha
Uskayaw
Xom
Yredelemnul
Zin
Beogh

Shops:
D:6 [   D:12 [   Orc:2 !(:*?   Elf:2 =*%}   Elf:3 **   Vaults:2 =   Vaults:4 ?
Vaults:5 !!%*}[   Depths:2 %*?}   Depths:5 =

Portals:
Hell: Depths:1 Depths:2 Depths:3 Depths:4 Depths:5
Abyss: Depths:1 Depths:4
Pandemonium: Depths:1 Depths:3
Ziggurat: Depths:2

Annotations:
Lair:5 2 transporters, Hefoshree's ghost, journeyman SpEn
Swamp:2 Roxanne
Elf:2 exclusion: dancing weapon
Depths:1 2 runed translucent doors, Dayj's ghost, master KoEn
Zot:2 2 transporters
Zot:3 3 runed translucent doors, Baz's ghost, legendary TeAE


Innate Abilities, Weirdness & Mutations

You cannot wear boots.
Your serpentine skin is tough. (AC +9)
You have supernaturally acute eyesight. (SInv)
Armour fits poorly on your strangely shaped body.
Your system is resistant to poisons. (rPois)
You cover ground very slowly.
You have a slow metabolism.
You can exhale a cloud of poison.
You can use your snake-like lower body to constrict enemies.
You have a pair of small horns on your head.
Your tail ends in a poisonous barb.
You are partially covered in iridescent scales. (AC +2)
You are partially covered in thin metallic scales. (AC +2)
Your skin changes colour to match your surroundings (Stealth+).
You tend to lose your temper in combat.
Your mind is acute. (Int +2)
You are clumsy. (Dex -2)
Your flesh is heat resistant. (rF+)
You are extremely frail. (-30% HP)
You occasionally shout uncontrollably at your foes.
You are resistant to electric shocks. (rElec)
You are very weak. (Str -4)
Your spells are a little harder to cast, but a little more powerful.
You expend magic power (3 MP) to strengthen your wands.


Message History

The Orb Guardian convulses! x2; The golden dragon convulses!
Your crimson imp completely misses the orb of fire.
The ancient lich casts a spell.
The ancient lich seems to speed up.
Unknown command.
Unknown command.
You feel better.
The orb of fire glows red.
Strange energies course through your body.
You feel a little pissed off.
The orb of fire glows bright magenta.
Strange energies course through your body.
You block the ancient lich's attack. The balrug gestures at you.
Makhleb smites you!
* * * LOW HITPOINT WARNING * * *
The orb of fire glows yellow.
The bolt of fire hits you! You resist.
You die...
Xom is highly amused!

**,.........,,,,,,**....#*
**........,,,,,,,,^..##*
▓▓^...L##▓▓▓▓▓▓▓▓*▓▓*
▓▓^.......(.)....▓▓▓▓
▓▓.............(.....▓##
▓▓$......^..............#*
▓....^^....XXy...........* ▓▓
▓..........X**1.....^*...**▓.
▓▓........XL@**2.........*▓..
▓▓........D*L...........▓.^§
▓▓.........5..66...........
**............8.........▓...
**,......................▓▓..
*,...................^...*▓▓.
*,,,,....................* ▓▓
**,,,.^.................▓*
**,,,,,,,............▓▓▓


You could see 5 orbs of fire, an electric golem, a tentacled monstrosity, a
golden dragon, 3 ancient liches, a Brimstone Fiend (summoned), 3 Orb Guardians,
a balrug, a ghost moth (invisible), an infernal blood saint, an infernal
demonspawn and a friendly crimson imp (summoned).

Vanquished Creatures
  4 ancient liches
  4 orbs of fire
  Mara (Depths:2)
  Boris (Vaults:2)
  A shard shrike (Zot:1)
  Bai Suzhen (Vaults:4)
  Sojobo (Vaults:4)
  the Lernaean hydra (Swamp:4)
  Margery (Vaults:2)
  A caustic shrike (Depths:2)
  Jory (Vaults:2)
  12 golden dragons
  Arachne (Spider:2)
  3 bone dragons
  Jorgrun (Swamp:2)
  5 tentacled monstrosities
  13 Orb Guardians (Zot:5)
  Asterion (Vaults:2)
  3 titans
  5 liches
  4 deep elf blademasters (Elf:3)
  A quicksilver dragon (Vaults:5)
  3 ancient champions (Crypt:1)
  A deep elf master archer (Elf:3)
  5 death cobs
  9 sphinxes
  The ghost of mora the Unseen, an adept OpTm of Gozag (Elf:3)
  Frances (Spider:1)
  4 tengu reavers
  Kirke (Spider:2)
  9 shadow dragons
  8 storm dragons
  A revenant (Crypt:2)
  2 draconian monks
  The ghost of lis82 the Spear-Bearer, an adept DgWz (Swamp:4)
  6 fire giants
  An azure jelly (Vaults:4)
  6 vault wardens
  9 draconian scorchers
  5 deep elf sorcerers
  Aizul (Swamp:2)
  2 orc warlords
  4 curse skulls
  Louise (Elf:1)
  3 emperor scorpions (Spider:4)
  9 draconian knights
  13 draconian stormcallers
  4 frost giants
  8 deep elf elementalists
  5 ghost moths
  9 draconian shifters
  An iron dragon (Vaults:5)
  7 spriggan defenders
  A ghoul (Crypt:2)
  5 draconian annihilators
  22 very ugly things
  4 war gargoyles
  6 ironheart preservers
  A large abomination (Elf:3)
  8 vampire knights
  17 stone giants
  An entropy weaver (Spider:2)
  10 deep elf demonologists
  9 black draconians
  11 green draconians
  8 purple draconians
  A minotaur (Gauntlet)
  2 dire elephants
  13 deep elf annihilators
  15 red draconians
  5 white draconians
  10 yellow draconians
  5 spark wasps
  3 eidola
  6 deep elf death magi
  A merfolk impaler (Depths:4)
  3 jiangshi (Crypt:1)
  13 ettins
  6 great orbs of eyes
  23 yaktaur captains
  Harold (Orc:1)
  19 fire dragons
  8 deep elf high priests
  Erolcha (Orc:1)
  7 rakshasas
  38 vault guards
  8 spriggan air magi
  11 ice dragons
  4 catoblepae
  A shambling mangrove (Swamp:1)
  13 hydras
  12 centaur warriors
  2 death knights
  4 alligators
  40 two-headed ogres
  10 ogre magi
  11 deep troll earth magi
  29 dancing weapons
  16 deep troll shamans
  5 tengu warriors
  5 spriggan berserkers
  8 vampire magi
  2 orc high priests
  4 death yaks (Lair:6)
  2 soul eaters
  A small abomination (Elf:3)
  Sonja (D:13)
  27 deep elf knights
  27 skeletal warriors
  3 shadow wraiths
  18 hell knights
  37 deep trolls
  10 swamp dragons
  4 unseen horrors
  A swamp dragon (shapeshifter) (Elf:2)
  A deep troll (shapeshifter) (Depths:2)
  A storm dragon skeleton (Vaults:4)
  A sea snake (Orc:2)
  An unseen horror (shapeshifter) (Vaults:1)
  27 deep elf archers
  4 flayed ghosts
  14 orc knights
  4 iron trolls
  6 wizards
  7 glowing orange brains
  3 spriggan druids
  8 harpies
  8 necromancers
  2 anaconda skeletons (Crypt:3)
  14 ironbrand convokers
  Pikel (D:7)
  2 wolf spider zombies
  8 phantasmal warriors
  16 orb spiders
  An obsidian statue (Elf:3)
  42 ugly things
  A frost giant zombie (Crypt:1)
  4 oklob plants
  A mana viper (shapeshifter) (Depths:4)
  A fire giant zombie (Crypt:3)
  A salamander (D:14)
  4 orc sorcerers
  2 tengu skeletons (Vaults:4)
  34 wolf spiders
  A cyclops (shapeshifter) (Vaults:4)
  6 cyclopes
  A shadow dragon skeleton (Crypt:3)
  An iron dragon skeleton (Crypt:1)
  An elephant (shapeshifter) (D:13)
  5 manticores
  56 deep elf magi
  19 moths of wrath
  A fire giant skeleton (Crypt:3)
  A shock serpent zombie (Crypt:1)
  A frost giant skeleton (Crypt:1)
  Joseph (Lair:1)
  3 black mambas
  13 vault sentinels
  4 smoke demons (Crypt:3)
  7 gargoyles
  10 spiny frogs
  A titan simulacrum (Crypt:1)
  5 spectral swamp worms (Depths:2)
  3 komodo dragons
  2 dire elephant skeletons
  A komodo dragon (shapeshifter) (Depths:1)
  44 yaktaurs
  2 efreet
  A hellion (Gauntlet)
  4 rime drakes
  A yaktaur zombie (Vaults:4)
  8 demonic crawlers
  4 freezing wraiths
  A purple draconian skeleton (Crypt:2)
  4 tengu conjurers
  A yaktaur (shapeshifter) (Vaults:5)
  4 guardian mummies (Crypt:3)
  13 trolls
  A merfolk (shapeshifter) (Vaults:5)
  A minotaur skeleton (Crypt:2)
  3 red devils
  9 jumping spiders
  A queen bee (shapeshifter) (Vaults:5)
  2 trolls (shapeshifter)
  A polar bear (Lair:3)
  Prince Ribbit (D:7)
  9 tyrant leeches
  A queen bee (Gauntlet)
  8 dream sheep
  2 merfolk
  22 hornets
  17 blink frogs
  23 slime creatures
  A sphinx simulacrum (Vaults:3)
  A dream sheep (shapeshifter) (Vaults:5)
  A blink frog (shapeshifter) (Depths:5)
  5 bog bodies
  An ice dragon zombie (Crypt:1)
  12 hippogriffs
  11 flying skulls (Crypt:1)
  4 air elementals
  2 ice dragon skeletons (Crypt:3)
  2 stone giant simulacra
  44 redbacks
  9 spriggans
  11 wraiths
  29 tarantellas
  3 shadows
  12 water elementals
  Eustachio (D:6)
  39 yaks
  20 fire elementals
  An ettin skeleton (Crypt:3)
  A hog (shapeshifter) (Depths:4)
  3 wyverns
  A black mamba zombie (Crypt:3)
  2 human simulacra (Vaults:2)
  Grum (D:9)
  3 basilisks
  A golden eye (shapeshifter) (Vaults:4)
  6 hungry ghosts
  8 vampire mosquitoes
  An elf simulacrum (Vaults:4)
  12 insubstantial wisps
  13 swamp worms
  2 swamp worms (shapeshifter) (Vaults:5)
  A warg (shapeshifter) (Vaults:5)
  A water nymph zombie (Crypt:2)
  An acid dragon (D:14)
  5 water moccasins
  7 wargs
  A soldier ant (D:12)
  An acid dragon (shapeshifter) (D:15)
  A spiny frog zombie (Crypt:3)
  A merfolk zombie (Crypt:1)
  A floating eye (Elf:3)
  Duvessa (D:4)
  10 porcupines
  2 spiny frog skeletons
  2 black bears
  A monstrous demonspawn skeleton (Crypt:1)
  46 orc warriors
  4 ice beasts
  A dream sheep zombie (Crypt:2)
  4 sky beasts
  8 swamp drakes
  38 ogres
  2 necrophages
  2 wolves (D:9)
  A snapping turtle zombie (Crypt:2)
  14 centaurs
  21 boggarts
  13 crocodiles
  7 big kobolds
  A big kobold (shapeshifter) (Vaults:4)
  7 earth elementals
  A gnoll sergeant (D:5)
  13 bullfrogs
  Dowan (D:4)
  A wyvern skeleton (D:14)
  A scorpion (shapeshifter) (Depths:4)
  2 scorpions (D:12)
  4 killer bees (Gauntlet)
  11 wights
  A spriggan skeleton (Crypt:3)
  3 howler monkeys
  5 electric eels
  8 crimson imps
  5 centaur zombies
  A bullfrog zombie (D:12)
  4 jellies
  2 yaktaur simulacra
  A gnoll shaman (D:8)
  7 hounds
  7 centaur skeletons
  25 orc priests
  2 bullfrog skeletons
  10 iguanas
  26 orc wizards
  Terence (D:3)
  An iguana (shapeshifter) (Vaults:5)
  7 worker ants
  A killer bee zombie (D:9)
  A big kobold zombie (Crypt:1)
  A sky beast zombie (Crypt:1)
  2 hound skeletons
  7 mummies (Crypt:3)
  2 worker ant zombies
  8 gnolls
  9 adders
  A howler monkey skeleton (D:7)
  A steam dragon zombie (Crypt:1)
  An ooze (D:2)
  2 adder zombies
  An iguana zombie (Crypt:1)
  An adder skeleton (D:8)
  A halfling skeleton (Crypt:1)
  4 worms
  5 leopard geckos
  81 orcs
  6 bats
  A bat skeleton (Crypt:2)
  5 giant cockroaches
  13 goblins
  4 hobgoblins
  5 jackals
  5 quokkas
  A ball python (D:2)
  8 frilled lizards
  A hobgoblin skeleton (Crypt:2)
  A jackal zombie (D:9)
  41 kobolds
  A leopard gecko skeleton (D:4)
  4 quokka skeletons
  4 rats
  6 crawling corpses (Elf:3)
  A plant (Lair:3)
  2 withered plants (Crypt:3)
2211 creatures vanquished.

Vanquished Creatures (collateral kills)
  A Killer Klown (Zot:1)
  3 golden dragons
  An electric golem (Zot:1)
  2 tentacled monstrosities
  7 Orb Guardians (Zot:5)
  3 quicksilver dragons
  3 titans (Vaults:5)
  3 death cobs
  A sphinx (Vaults:5)
  2 draconian monks (Zot:1)
  A tengu reaver (Vaults:5)
  2 shadow dragons
  2 storm dragons
  A fire giant (Vaults:3)
  2 emperor scorpions (Spider:4)
  3 draconian annihilators
  2 deep elf elementalists (Elf:3)
  3 draconian shifters (Zot:1)
  A draconian stormcaller (Zot:4)
  2 stone giants (Vaults:5)
  8 green draconians
  4 black draconians
  2 red draconians
  A white draconian (Zot:3)
  A dire elephant (Spider:4)
  2 purple draconians
  2 yellow draconians
  An ettin (Orc:2)
  A yaktaur captain (Vaults:1)
  A vault guard (Vaults:4)
  2 hydras (Swamp:4)
  A centaur warrior (Vaults:2)
  A shambling mangrove (Swamp:4)
  3 ogre magi
  A death yak (Lair:6)
  3 alligators
  5 two-headed ogres
  A dancing weapon (Elf:3)
  A tengu warrior (Depths:1)
  2 spriggans
  An orc high priest (Vaults:3)
  A shadow wraith (Vaults:5)
  3 deep trolls
  3 swamp dragons (Swamp:4)
  An unseen horror (D:12)
  A deep elf archer (Vaults:2)
  A harpy (Vaults:3)
  An orc knight (Vaults:5)
  A phantasmal warrior (Vaults:5)
  3 deep elf magi
  5 wolf spiders
  A cyclops (Orc:2)
  An ugly thing (D:14)
  6 moths of wrath
  2 vault sentinels
  A centaur zombie (D:14)
  A smoke demon (Gauntlet)
  5 spiny frogs
  A yaktaur (Vaults:4)
  3 komodo dragons
  A rime drake (Lair:1)
  A freezing wraith (D:14)
  4 demonic crawlers
  A red devil (Crypt:3)
  3 trolls
  3 jumping spiders
  3 blink frogs
  3 hornets
  A hippogriff (Lair:6)
  A bog body (Swamp:3)
  8 yaks
  3 tarantellas
  7 redbacks
  A basilisk (Lair:5)
  4 fire elementals (Zot:4)
  A hog (Spider:2)
  5 vampire mosquitoes
  2 swamp worms
  2 insubstantial wisps (Swamp:1)
  2 wargs
  2 swamp drakes
  3 orc warriors (Vaults:3)
  A phantom (D:12)
  A necrophage (D:8)
  A crocodile (Lair:5)
  8 ogres (Orc:2)
  A bullfrog (Lair:1)
  An orc priest (Vaults:3)
  2 orc wizards
  A hound zombie (D:5)
  A leopard gecko (D:2)
  4 orcs
  A hobgoblin (D:2)
  2 quokkas (D:2)
  2 bats
  4 goblins
  2 kobolds (D:2)
  2 rats
  A crawling corpse (Elf:3)
  A fungus (Lair:4)
227 creatures vanquished.

Vanquished Creatures (others)
  A sphinx (Depths:4)
  A draconian stormcaller (Zot:1)
  An ogre mage (Depths:2)
  A deep elf high priest (Elf:3)
  A centaur warrior (D:14)
  12 dancing weapons
  4 hell knights (Crypt:3)
  A deep elf archer (Elf:2)
  2 deep elf magi
  A spriggan (Depths:2)
  A shadow (Crypt:3)
  4 humans (Spider:2)
  A wyvern (D:12)
  A boggart (Depths:2)
  2 jellies (D:12)
  A fire vortex (Lair:1)
  5 fungi
  4 plants
44 creatures vanquished.

Grand Total: 2482 creatures vanquished

Notes
Turn   | Place    | Note
-------+----------+-------------------------------------------
     0 | D:1      | Jannitor the Naga Necromancer began the quest for the Orb.
     0 | D:1      | Reached XP level 1. HP: 15/15 MP: 3/3
    53 | D:1      | Learned a level 1 spell: Animate Skeleton
   297 | D:1      | Reached XP level 2. HP: 18/22 MP: 1/5
  1118 | D:2      | Upgraded the game from 0.25-a0-577-ga4619f409e to
                  | 0.25-a0-578-gc91f01c39c
  1138 | D:2      | Reached XP level 3. HP: 26/28 MP: 3/6
  1215 | D:2      | Learned a level 3 spell: Vampiric Draining
  1994 | D:2      | Reached skill level 1 in Short Blades
  1994 | D:2      | Reached XP level 4. HP: 35/36 MP: 4/7
  2659 | D:3      | Reached skill level 5 in Stealth
  2996 | D:3      | Noticed Terence
  3201 | D:3      | Killed Terence
  3201 | D:3      | Reached XP level 5. HP: 42/42 MP: 6/8
  3353 | D:4      | Noticed Duvessa
  3354 | D:4      | Noticed Dowan
  3359 | D:4      | Reached skill level 5 in Necromancy
  3368 | D:4      | Killed Duvessa
  3368 | D:4      | Reached XP level 6. HP: 31/49 MP: 0/10
  3372 | D:4      | Killed Dowan
  3578 | D:4      | Found a shimmering altar of Xom.
  3581 | D:4      | Found a shimmering altar of Xom.
  3582 | D:4      | Found a shimmering altar of Xom.
  3582 | D:4      | Found a shimmering altar of Xom.
  3582 | D:4      | Found a shimmering altar of Xom.
  3586 | D:4      | Found a shimmering altar of Xom.
  3586 | D:4      | Found a shimmering altar of Xom.
  3591 | D:4      | Became a worshipper of Xom of Malevolent Giggling
  3813 | D:4      | Reached XP level 7. HP: 37/55 MP: 9/12
  3921 | D:4      | Learned a level 4 spell: Animate Dead
  4013 | D:4      | XOM: silly message
  4254 | D:4      | XOM: give mutations
  4254 | D:4      | Gained mutation: You expend magic power (3 MP) to
                  | strengthen your wands. [Xom's grace]
  4254 | D:4      | Gained mutation: Your tail ends in a poisonous barb. [Xom's
                  | grace]
  4254 | D:4      | Gained mutation: You have a pair of small horns on your
                  | head. [Xom's grace]
  4254 | D:4      | Gained mutation: You are robust. (+10% HP) [Xom's grace]
  4285 | D:4      | XOM: potion effect (berserk rage)
  4498 | D:5      | Entered Level 5 of the Dungeon
  4550 | D:5      | XOM: god gift: garnet ring {god gift}
  4605 | D:5      | Reached skill level 1 in Armour
  4683 | D:5      | XOM: god gift: wand of disintegration (6)
  4939 | D:5      | Reached XP level 8. HP: 45/68 MP: 10/14
  5043 | D:5      | XOM: harmless Necr miscast
  5141 | D:5      | XOM: give mutations
  5141 | D:5      | Gained mutation: Your skin changes colour to match your
                  | surroundings (Stealth+). [Xom's grace]
  5141 | D:5      | Gained mutation: Your muscles are strong. (Str +2) [Xom's
                  | grace]
  5141 | D:5      | Gained mutation: Your flesh is cold resistant. (rC+) [Xom's
                  | grace]
  5141 | D:5      | Gained mutation: You have a pair of horns on your head.
                  | [Xom's grace]
  5599 | D:5      | XOM: god gift: warped war axe {god gift}
  5600 | D:5      | Got a warped war axe {god gift}
  5601 | D:5      | Identified the +7 war axe of the People {freeze, rN+ Dex+3}
                  | (Xom gifted it to you on level 5 of the Dungeon)
  5601 | D:5      | XOM: confuse monster(s)
  5607 | D:5      | XOM: smoke on damage
  5810 | D:5      | XOM: give mutations
  5810 | D:5      | Gained mutation: You are partially covered in iridescent
                  | scales. (AC +2) [Xom's mischief]
  5810 | D:5      | Lost mutation: Your skin changes colour to match your
                  | surroundings (Stealth+). [Xom's mischief]
  5810 | D:5      | Lost mutation: Your muscles are strong. (Str +2) [Xom's
                  | mischief]
  5810 | D:5      | Lost mutation: Your tail ends in a poisonous barb. [Xom's
                  | mischief]
  5898 | D:6      | XOM: give mutations
  5898 | D:6      | Gained mutation: You are somewhat resistant to further
                  | mutation. [Xom's grace]
  5898 | D:6      | Gained mutation: You possess an exceptional clarity of
                  | mind. [Xom's grace]
  5936 | D:6      | Noticed Eustachio
  6006 | D:6      | Reached skill level 1 in Shields
  6156 | D:6      | XOM: divination: detect creatures
  6339 | D:6      | Found Vanutty's Armour Emporium.
  6348 | D:6      | Learned a level 2 spell: Poisonous Vapours
  6361 | D:6      | Bought a +1 leather armour of magic resistance for 154 gold
                  | pieces
  6371 | D:6      | Bought a +0 cloak for 49 gold pieces
  6697 | D:6      | Killed Eustachio
  6697 | D:6      | Reached XP level 9. HP: 74/74 MP: 16/16
  6724 | D:7      | Reached skill level 5 in Spellcasting
  6769 | D:7      | Noticed Prince Ribbit
  6771 | D:7      | XOM: summons 9 friendly demons
  6781 | D:7      | Killed Prince Ribbit
  6783 | D:7      | Reached skill level 1 in Poison Magic
  6787 | D:7      | XOM: divination: detect items
  6791 | D:7      | XOM: cleaving
  6861 | D:7      | XOM: enchant monster (good)
  7178 | D:7      | Found a staircase to the Ecumenical Temple.
  7190 | D:7      | Noticed Pikel
  7199 | D:7      | Killed Pikel
  7259 | D:7      | XOM: cast spell 'Summon Ice Beast'
  7630 | D:8      | XOM: give mutations
  7630 | D:8      | Lost mutation: You are robust. (+10% HP) [Xom's mischief]
  7630 | D:8      | Lost mutation: Your flesh is cold resistant. (rC+) [Xom's
                  | mischief]
  7714 | D:8      | Reached skill level 10 in Stealth
  7906 | D:8      | XOM: scenery: create altars
  7912 | D:8      | XOM: summons 9 friendly demons
  8031 | D:8      | XOM: 1-stop teleportation journey
  8042 | D:8      | Reached XP level 10. HP: 71/74 MP: 18/18
  8103 | D:8      | XOM: divination: detect items
  8133 | D:8      | XOM: mild Hex miscast
  8352 | D:9      | XOM: stealth player
  8386 | D:9      | XOM: give mutations
  8386 | D:9      | Gained mutation: Your mind is acute. (Int +2) [Xom's
                  | mischief]
  8386 | D:9      | Gained mutation: You are weak. (Str -2) [Xom's mischief]
  8386 | D:9      | Lost mutation: You possess an exceptional clarity of mind.
                  | [Xom's mischief]
  8395 | D:9      | Found a hide-covered altar of Uskayaw.
  8396 | D:9      | XOM: divination: detect creatures
  9008 | D:9      | Noticed Grum
  9016 | D:9      | XOM: 1-stop teleportation journey
  9021 | D:9      | XOM: 3-stop teleportation journey
  9054 | D:9      | Reached skill level 5 in Poison Magic
  9065 | D:9      | XOM: butterfly on damage
  9068 | D:9      | Killed Grum
  9083 | D:9      | XOM: give mutations
  9083 | D:9      | Gained mutation: Your body sometimes deteriorates upon
                  | taking damage. [Xom's mischief]
  9083 | D:9      | Gained mutation: You are agile. (Dex +2) [Xom's mischief]
  9083 | D:9      | Gained mutation: Your magical capacity is low. (-10% MP)
                  | [Xom's mischief]
  9154 | D:9      | XOM: mild Conj miscast
  9481 | D:9      | XOM: harmless Necr miscast
  9531 | D:10     | Entered Level 10 of the Dungeon
  9613 | D:10     | Found a staircase to the Orcish Mines.
  9694 | D:10     | Found a staircase to the Lair.
  9811 | D:10     | XOM: noise
  9876 | D:10     | Identified the cursed +1 leather armour of Yesterday
                  | {Slay+3} (You found it on level 10 of the Dungeon)
 10009 | D:10     | Noticed an unseen horror
 10018 | D:10     | Killed an unseen horror
 10018 | D:10     | Reached XP level 11. HP: 74/80 MP: 19/19
 10155 | Orc:1    | Entered Level 1 of the Orcish Mines
 10155 | Orc:1    | Noticed an orc warlord
 10163 | D:10     | Learned a level 4 spell: Olgreb's Toxic Radiance
 10178 | D:11     | Noticed an unseen horror
 10196 | D:11     | Noticed a centaur warrior
 10199 | D:11     | Killed an unseen horror
 10199 | D:11     | Reached skill level 5 in Shields
 10201 | D:11     | XOM: potion effect (heal wounds)
 10205 | D:11     | XOM: smoke on damage
 10206 | D:11     | Killed a centaur warrior
 10208 | D:11     | Upgraded the game from 0.25-a0-578-gc91f01c39c to
                  | 0.25-a0-681-gdf4e720381
 10223 | D:11     | XOM: noise
 10656 | D:11     | Noticed a cyclops
 10672 | D:11     | Killed a cyclops
 11036 | D:11     | XOM is BORED!
 11036 | D:11     | XOM: noise
 11063 | D:11     | Noticed a fire dragon
 11072 | D:11     | Killed a fire dragon
 11225 | D:11     | XOM: noise
 11609 | D:12     | XOM: summons friendly ufetubus
 11609 | D:12     | Noticed an unseen horror
 11609 | D:12     | Noticed an orc knight
 11611 | D:12     | Noticed a two-headed ogre
 11670 | D:11     | XOM: enchant monster (bad)
 11671 | D:11     | Killed a two-headed ogre
 11946 | D:12     | XOM: summons friendly quasit
 11957 | D:11     | Killed an orc knight
 12199 | D:12     | Noticed a centaur warrior
 12203 | D:12     | XOM: harmless Fire miscast
 12206 | D:12     | XOM: noise
 12212 | D:12     | Killed a centaur warrior
 12316 | D:12     | Noticed a tengu warrior
 12320 | D:12     | XOM: divination: detect creatures
 12323 | D:12     | Noticed a seven-headed hydra
 12338 | D:12     | XOM: potion effect (might)
 12346 | D:12     | XOM: noise
 12552 | D:12     | XOM: confuse monster(s)
 12565 | D:12     | XOM: harmless Air miscast
 12566 | D:12     | Killed a tengu warrior
 12566 | D:12     | Reached XP level 12. HP: 51/88 MP: 11/21
 12661 | D:12     | Reached skill level 10 in Necromancy
 12717 | D:12     | Found Saneheri's Antique Armour Emporium,
 12720 | D:12     | Bought the +2 hat of the Bear Spirit {Spirit, +Rage rN+
                  | MR++} for 899 gold pieces
 12720 | D:12     | Found the +2 hat of the Bear Spirit {Spirit, +Rage rN+
                  | MR++}
 12776 | D:12     | XOM: harmless Necr miscast
 12914 | D:12     | XOM: divination: detect creatures
 13093 | D:12     | XOM: noise
 13228 | D:11     | XOM: divination: magic mapping
 13626 | D:12     | Noticed a two-headed ogre
 13627 | D:12     | XOM: confuse monster(s)
 13635 | D:12     | Killed a two-headed ogre
 13660 | D:12     | Reached skill level 10 in Poison Magic
 13678 | D:12     | Identified the amulet "Kaivved" {Reflect rF- MR+++ Int-3
                  | SH+4 SInv}
 13678 | D:12     | Noticed a deep elf knight
 13688 | D:12     | Killed a deep elf knight
 13688 | D:12     | Reached skill level 1 in Axes
 13694 | D:12     | XOM: enchant monster (bad)
 13695 | D:12     | XOM: potion effect (curing)
 13699 | D:12     | XOM: mild Air miscast
 13733 | D:11     | XOM: enchant monster (bad)
 13917 | D:12     | Noticed a two-headed ogre
 13928 | D:12     | Killed a two-headed ogre
 14113 | D:12     | XOM: cast spell 'Summon Mana Viper'
 14172 | D:12     | XOM: divination: detect creatures
 14174 | D:12     | XOM: enchant monster (good)
 14259 | D:12     | XOM: give mutations
 14259 | D:12     | Lost mutation: You are somewhat resistant to further
                  | mutation. [Xom's grace]
 14259 | D:12     | Gained mutation: You evolve. [Xom's grace]
 14259 | D:12     | Gained mutation: You are partially covered in thin metallic
                  | scales. (AC +2) [Xom's grace]
 14392 | D:12     | XOM: harmless Chrm miscast
 14402 | D:12     | XOM: noise
 14500 | D:12     | XOM: summons 5 hostile demons
 14552 | D:12     | XOM: harmless Hex miscast
 14725 | D:12     | XOM: smoke on damage
 14726 | D:12     | XOM: torment (30/88 hp)
 14988 | D:13     | Noticed a two-headed ogre
 14990 | D:13     | Noticed a two-headed ogre
 15009 | D:13     | Killed a two-headed ogre
 15009 | D:13     | Gained mutation: You can use your snake-like lower body to
                  | constrict enemies. [Naga growth]
 15009 | D:13     | Reached XP level 13. HP: 72/94 MP: 13/23
 15012 | D:13     | XOM: harmless Fire miscast
 15190 | D:13     | Noticed Sonja
 15206 | D:13     | XOM: divination: detect items
 15217 | D:13     | XOM: smoke on damage
 15221 | D:13     | Killed Sonja
 15531 | D:13     | XOM: swap monsters
 15746 | D:13     | Noticed a vault guard
 15746 | D:13     | Noticed a vault guard
 15747 | D:13     | Found a gate to the Vaults,
 15747 | D:13     | Noticed a vault guard
 15747 | D:13     | Noticed a vault guard
 15747 | D:13     | Noticed a vault guard
 15747 | D:13     | Noticed a vault guard
 15748 | D:13     | Noticed a vault guard
 15748 | D:13     | Noticed a vault guard
 15754 | D:13     | Killed a vault guard
 15757 | D:13     | XOM: enchant monster (bad)
 15759 | D:13     | Killed a vault guard
 15765 | D:13     | XOM: potion effect (brilliance)
 15766 | D:13     | Killed a vault guard
 15770 | D:13     | XOM: harmless Conj miscast
 15773 | D:13     | Killed a vault guard
 15778 | D:13     | Killed a vault guard
 15778 | D:13     | Reached skill level 5 in Axes
 15784 | D:13     | Killed a vault guard
 15787 | D:13     | Killed a vault guard
 15794 | D:13     | Killed a vault guard
 15794 | D:13     | Reached skill level 10 in Spellcasting
 15851 | D:13     | XOM: give mutation
 15851 | D:13     | Lost mutation: Your magical capacity is low. (-10% MP)
                  | [Xom's mischief]
 16120 | D:13     | Found a glowing silver altar of Zin,
 16187 | D:14     | XOM: confuse monster(s)
 16356 | D:14     | XOM: 1-stop teleportation journey
 16449 | D:14     | XOM: mild Chrm miscast
 16835 | D:14     | XOM: stat loss: -1 Dex (16/17)
 17014 | D:14     | XOM: mild Fire miscast
 17153 | Lair:1   | Entered Level 1 of the Lair of Beasts
 17161 | Lair:1   | Reached XP level 14. HP: 102/102 MP: 28/28
 17312 | Lair:1   | XOM: give mutations
 17312 | Lair:1   | Lost mutation: You evolve. [Xom's mischief]
 17312 | Lair:1   | Lost mutation: You are weak. (Str -2) [Xom's mischief]
 17343 | Lair:1   | XOM: mild Fire miscast
 17434 | Lair:1   | XOM: summons 3 hostile shadow creatures
 17436 | Lair:1   | XOM: smoke on damage
 17634 | Lair:1   | XOM: mild Pois miscast
 17651 | Lair:1   | XOM: noise
 17671 | Lair:1   | Upgraded the game from 0.25-a0-681-gdf4e720381 to
                  | 0.25-a0-842-g81a31cfd23
 17704 | Lair:1   | XOM: smoke on damage
 17987 | Lair:1   | Noticed Joseph
 18012 | Lair:1   | Killed Joseph
 18425 | Lair:1   | XOM: summons 8 hostile demons
 18505 | Lair:2   | Found a staircase to the Swamp.
 18609 | Lair:2   | XOM: cleaving
 18740 | Lair:2   | XOM: blink monster(s)
 18824 | Lair:2   | Found a hole to the Spider Nest.
 18893 | Lair:2   | XOM: cloud trail
 18941 | Lair:2   | Upgraded the game from 0.25-a0-842-g81a31cfd23 to
                  | 0.25-a0-1119-g28b6fd0c3b
 18979 | Lair:2   | XOM: give mutations
 18979 | Lair:2   | Gained mutation: Your spells are a little harder to cast,
                  | but a little more powerful. [Xom's grace]
 18979 | Lair:2   | Gained mutation: Your skin changes colour to match your
                  | surroundings (Stealth+). [Xom's grace]
 18979 | Lair:2   | Gained mutation: Your spells are harder to cast, but more
                  | powerful. [Xom's grace]
 18979 | Lair:2   | Gained mutation: Your muscles are strong. (Str +2) [Xom's
                  | grace]
 18993 | Lair:2   | Found a glowing silver altar of Zin.
 19346 | Lair:3   | XOM: give mutation
 19346 | Lair:3   | Gained mutation: Your tail ends in a poisonous barb. [Xom's
                  | grace]
 19361 | Lair:3   | Found a gate leading to a gauntlet.
 19370 | Gauntlet | Entered a Gauntlet
 19370 | Gauntlet | Found a transporter.
 19370 | Gauntlet | Found a transporter.
 19383 | Gauntlet | Found a transporter.
 19386 | Gauntlet | Found a transporter.
 19386 | Gauntlet | Found a transporter.
 19386 | Gauntlet | Found a transporter.
 19396 | Gauntlet | Found a transporter.
 19400 | Gauntlet | Found a transporter.
 19410 | Gauntlet | Found a transporter.
 19435 | Gauntlet | XOM: scenery: create altars
 19515 | Gauntlet | Found a transporter.
 19549 | Gauntlet | Found a transporter.
 19557 | Gauntlet | Found a transporter.
 19588 | Gauntlet | XOM: give mutations
 19588 | Gauntlet | Gained mutation: You are robust. (+10% HP) [Xom's grace]
 19588 | Gauntlet | Gained mutation: Your flesh is heat resistant. (rF+) [Xom's
                  | grace]
 19588 | Gauntlet | Gained mutation: You have a pair of large horns on your
                  | head. [Xom's grace]
 19588 | Gauntlet | Gained mutation: You are covered in fur. (AC +1) [Xom's
                  | grace]
 19723 | Gauntlet | XOM: fake destruction
 19726 | Gauntlet | Reached skill level 1 in Fighting
 19903 | Gauntlet | XOM: divination: magic mapping
 19908 | Gauntlet | Reached skill level 2 in Fighting
 19925 | Gauntlet | Found the +5 robe of Misfortune {*Contam Harm *Corrode
                  | *Drain *Slow EV+5}
 19927 | Gauntlet | Got an encrusted helmet
 20276 | Lair:3   | XOM: god gift: 17 sling bullets
 20337 | Lair:3   | XOM: swap monsters
 20348 | Lair:3   | Learned a level 3 spell: Ignite Poison
 20349 | Lair:3   | XOM: give mutations
 20349 | Lair:3   | Lost mutation: Your muscles are strong. (Str +2) [Xom's
                  | mischief]
 20349 | Lair:3   | Lost mutation: Your body sometimes deteriorates upon taking
                  | damage. [Xom's mischief]
 20795 | Lair:3   | XOM: confusion (+ monsters)
 20800 | Lair:3   | Reached skill level 3 in Fighting
 21144 | Lair:4   | Reached skill level 4 in Fighting
 21159 | Lair:4   | XOM: silly message
 21331 | Lair:4   | Found a basalt altar of Yredelemnul.
 21423 | Lair:4   | XOM: enchant monster (good)
 21424 | Lair:4   | XOM: noise
 21462 | Lair:4   | XOM: confuse monster(s)
 21771 | Lair:5   | Found a snail-covered altar of Cheibriados.
 21788 | Lair:5   | Reached skill level 5 in Fighting
 21854 | Lair:5   | XOM: silly message
 21863 | Lair:5   | XOM: divination: detect items
 22301 | Lair:5   | Found a transporter.
 22307 | Lair:5   | Noticed Hefoshree's ghost (journeyman SpEn)
 22322 | Lair:5   | XOM: silly message
 22345 | Lair:5   | Found a transporter.
 22888 | Lair:6   | Entered Level 6 of the Lair of Beasts
 22893 | Lair:6   | XOM: divination: detect creatures
 22917 | Lair:6   | Reached skill level 6 in Fighting
 22917 | Lair:6   | Reached skill level 1 in Transmutations
 22976 | Lair:6   | XOM: cloud trail
 23115 | Lair:6   | Found a staircase to the Slime Pits.
 23136 | Lair:6   | XOM: 1-stop teleportation journey
 23139 | Lair:6   | Reached skill level 10 in Axes
 23334 | Lair:6   | Reached skill level 7 in Fighting
 23345 | Lair:6   | XOM: silly message
 23347 | Lair:6   | Reached XP level 15. HP: 123/141 MP: 3/29
 23562 | Lair:6   | XOM: silly message
 23645 | Lair:6   | XOM: silly message
 23687 | Lair:6   | XOM: divination: magic mapping
 23694 | Lair:6   | XOM: cast spell 'Summon Small Mammal'
 23703 | Lair:6   | Reached skill level 8 in Fighting
 23709 | Lair:6   | Got a vibrating copper ring
 23711 | Lair:6   | Identified the ring of Satyriasis {rPois MR+ EV+4 Stlth+}
                  | (You found it on level 6 of the Lair of Beasts)
 23838 | Lair:6   | XOM: enchant monster (bad)
 24094 | Lair:6   | XOM: divination: detect items
 24319 | Lair:6   | XOM: silly message
 24626 | Lair:3   | XOM: silly message
 24737 | Orc:1    | Noticed Erolcha
 24749 | D:10     | Killed an orc warlord
 25016 | Orc:1    | XOM: potion effect (invisibility)
 25018 | Orc:1    | XOM: silly message
 25021 | Orc:1    | XOM: silly message
 25111 | Orc:1    | Killed Erolcha
 25111 | Orc:1    | Reached skill level 9 in Fighting
 25410 | Orc:2    | Entered Level 2 of the Orcish Mines
 25410 | Orc:2    | Found Veathreipt's Magic Scroll Boutique.
 25548 | Orc:2    | Found a staircase to the Elven Halls.
 25609 | Orc:2    | Reached skill level 5 in Transmutations
 25618 | Orc:1    | Noticed Harold
 25636 | Orc:1    | Killed Harold
 25636 | Orc:1    | Reached skill level 1 in Fire Magic
 25785 | Orc:1    | XOM: 3-stop teleportation journey
 26081 | Orc:2    | XOM: cast spell 'Summon Small Mammal'
 26314 | Orc:2    | Reached skill level 10 in Fighting
 26399 | Orc:2    | XOM: polymorph two-headed ogre -> sea snake
 26482 | Orc:2    | XOM: summons 3 hostile shadow creatures
 26506 | Orc:2    | XOM: summons 8 hostile demons
 26513 | Orc:2    | XOM: blink monster(s)
 26596 | Orc:2    | XOM: give mutations
 26596 | Orc:2    | Lost mutation: You are agile. (Dex +2) [Xom's mischief]
 26596 | Orc:2    | Lost mutation: Your tail ends in a poisonous barb. [Xom's
                  | mischief]
 26596 | Orc:2    | Lost mutation: Your skin changes colour to match your
                  | surroundings (Stealth+). [Xom's mischief]
 26645 | Orc:2    | Found Neniol's Weapon Shop.
 26647 | Orc:2    | Found Giluaze's Assorted Antiques.
 26655 | Orc:2    | Found Zeask's Distillery.
 26667 | Orc:2    | Found Buegh's Book Shop.
 26670 | Orc:2    | Bought a potion of berserk rage for 65 gold pieces
 26764 | Orc:2    | XOM: 2-stop teleportation journey
 26942 | Orc:2    | XOM: give mutation
 26942 | Orc:2    | Lost mutation: Your spells are harder to cast, but more
                  | powerful. [Xom's mischief]
 26972 | Orc:2    | XOM: 1-stop teleportation journey
 27017 | Orc:2    | XOM: summons 3 hostile shadow creatures
 27270 | Orc:2    | Bought a scroll of summoning for 133 gold pieces
 27270 | Orc:2    | Bought a scroll of teleportation for 42 gold pieces
 27270 | Orc:2    | Bought a scroll of identify for 28 gold pieces
 27270 | Orc:2    | Identified the +2 helmet "Uliubbem" {rElec Str+2 Dex+3}
                  | (You found it in a Gauntlet)
 27291 | Orc:2    | Bought a potion of curing for 96 gold pieces
 27291 | Orc:2    | Bought a scroll of enchant weapon for 240 gold pieces
 27291 | Orc:2    | Bought a scroll of fear for 112 gold pieces
 27291 | Orc:2    | Bought a scroll of magic mapping for 112 gold pieces
 27291 | Orc:2    | Bought a pair of embroidered gloves for 240 gold pieces
 27291 | Orc:2    | Bought a scratched peridot ring for 160 gold pieces
 27299 | Orc:2    | Bought a potion of resistance for 130 gold pieces
 27299 | Orc:2    | Bought a potion of haste for 130 gold pieces
 27299 | Orc:2    | Bought a potion of curing for 39 gold pieces
 27299 | Orc:2    | Bought a potion of heal wounds for 65 gold pieces
 27299 | Orc:2    | Bought 2 potions of curing for 78 gold pieces
 27378 | D:11     | XOM: cloud trail
 27446 | D:12     | Reached XP level 16. HP: 151/162 MP: 30/30
 27522 | D:12     | XOM: potion effect (magic)
 27680 | D:12     | XOM: god gift: 19 stones
 27695 | D:12     | XOM is BORED!
 28103 | D:14     | XOM: 5-stop teleportation journey
 28127 | D:14     | XOM: enchant monster (good)
 28128 | D:14     | Reached skill level 11 in Fighting
 28544 | D:14     | XOM: give mutations
 28544 | D:14     | Gained mutation: You are very robust. (+20% HP) [Xom's
                  | grace]
 28544 | D:14     | Gained mutation: You passively map a small area around you.
                  | [Xom's grace]
 28656 | D:14     | XOM: 4-stop teleportation journey
 28689 | D:14     | XOM: enchant monster (good)
 28921 | D:14     | XOM: silly message
 29164 | D:15     | Entered Level 15 of the Dungeon
 29212 | D:15     | XOM: scenery: 2 doors open
 29222 | D:15     | XOM: scenery: 1 doors close
 29235 | D:14     | XOM: cast spell 'Metabolic Englaciation'
 29257 | D:14     | XOM: stat loss: -1 Int (17/18)
 29346 | D:14     | XOM: fog
 29349 | D:14     | XOM: summons friendly white imp
 29590 | D:15     | Found a staircase to the Depths.
 29679 | D:15     | XOM: fog
 29830 | D:15     | Reached skill level 12 in Fighting
 29913 | D:15     | XOM: scenery: 1 doors open
 30634 | Spider:1 | Entered Level 1 of the Spider Nest
 30638 | Spider:1 | Noticed Frances
 30655 | Spider:1 | Killed Frances
 30819 | Spider:1 | XOM: cloud trail
 31058 | Spider:1 | XOM: 4-stop teleportation journey
 32108 | Spider:1 | XOM: give mutations
 32108 | Spider:1 | Gained mutation: You are somewhat resistant to further
                  | mutation. [Xom's mischief]
 32108 | Spider:1 | Lost mutation: Your mind is acute. (Int +2) [Xom's
                  | mischief]
 32108 | Spider:1 | Lost mutation: You passively map a small area around you.
                  | [Xom's mischief]
 32269 | Spider:2 | Noticed Kirke
 32286 | Spider:2 | Killed Kirke
 32287 | Spider:2 | XOM: summons friendly white imp
 32481 | Spider:2 | Noticed Arachne
 32493 | Spider:2 | Killed Arachne
 32493 | Spider:2 | Reached skill level 13 in Fighting
 32677 | Spider:2 | XOM: scenery: create altars
 33338 | Spider:2 | XOM: noise
 33344 | Spider:2 | XOM: confuse monster(s)
 33524 | Spider:2 | Reached XP level 17. HP: 163/196 MP: 21/32
 33827 | Spider:3 | Reached skill level 15 in Axes
 34120 | Spider:3 | XOM: 2-stop teleportation journey
 34407 | Spider:3 | XOM: enchant monster (good)
 34450 | Spider:3 | XOM: give mutations
 34450 | Spider:3 | Lost mutation: You have a pair of large horns on your head.
                  | [Xom's mischief]
 34450 | Spider:3 | Gained mutation: Your mind is acute. (Int +2) [Xom's
                  | mischief]
 34450 | Spider:3 | Lost mutation: Your mind is acute. (Int +2) [Xom's
                  | mischief]
 34450 | Spider:3 | Lost mutation: You are somewhat resistant to further
                  | mutation. [Xom's mischief]
 34674 | Spider:3 | Learned a level 5 spell: Irradiate
 34680 | Spider:4 | Entered Level 4 of the Spider Nest
 34727 | Spider:4 | XOM: summons friendly quasit
 34894 | Spider:4 | XOM: 3-stop teleportation journey
 34901 | Spider:4 | Reached skill level 14 in Fighting
 35208 | Spider:4 | XOM: fake destruction
 35310 | Spider:4 | XOM: torment (123/199 hp)
 35435 | Spider:4 | XOM: stat loss: -1 Str (12/13)
 35509 | Spider:4 | XOM: 1-stop teleportation journey
 35517 | Spider:4 | XOM: enchant monster (bad)
 35717 | Spider:4 | XOM: give mutations
 35717 | Spider:4 | Lost mutation: You are very robust. (+20% HP) [Xom's
                  | mischief]
 35717 | Spider:4 | Lost mutation: You have a pair of horns on your head.
                  | [Xom's mischief]
 35717 | Spider:4 | Lost mutation: Your flesh is heat resistant. (rF+) [Xom's
                  | mischief]
 36088 | Spider:4 | XOM: divination: detect items
 36097 | Spider:4 | XOM: enchant monster (bad)
 36099 | Spider:4 | XOM: polymorph emperor scorpion -> dire elephant
 36106 | Spider:4 | XOM: fog
 36111 | Spider:4 | XOM: smoke on damage
 36509 | Spider:4 | XOM: summons friendly iron imp
 36614 | Spider:4 | XOM: silly message
 36615 | Spider:4 | XOM: summons 1 hostile shadow creature
 36677 | Spider:4 | XOM: silly message
 36961 | Spider:4 | XOM: stat loss: -1 Int (15/16)
 36981 | Spider:4 | Got a gossamer rune of Zot
 37077 | Spider:4 | XOM: give mutations
 37077 | Spider:4 | Lost mutation: You expend magic power (3 MP) to strengthen
                  | your wands. [Xom's mischief]
 37077 | Spider:4 | Lost mutation: You are robust. (+10% HP) [Xom's mischief]
 37077 | Spider:4 | Lost mutation: You are partially covered in thin metallic
                  | scales. (AC +2) [Xom's mischief]
 37494 | Vaults:1 | Entered Level 1 of the Vaults
 37572 | Vaults:1 | XOM: smoke on damage
 37654 | Vaults:1 | XOM: summons 2 hostile demons
 37721 | Vaults:1 | XOM: give mutations
 37721 | Vaults:1 | Gained mutation: You tend to lose your temper in combat.
                  | [Xom's mischief]
 37721 | Vaults:1 | Gained mutation: You have a pair of horns on your head.
                  | [Xom's mischief]
 37721 | Vaults:1 | Gained mutation: You can exhale a cloud of poison. [Xom's
                  | mischief]
 37721 | Vaults:1 | Gained mutation: Your muscles are strong. (Str +2) [Xom's
                  | mischief]
 37828 | Vaults:1 | XOM: confusion (+ monsters)
 37871 | Vaults:1 | XOM: god gift: 14 bolts
 38017 | Vaults:1 | XOM: draining
 38494 | Vaults:1 | Noticed a sphinx
 38504 | Vaults:1 | Killed a sphinx
 38577 | Vaults:1 | Identified a scroll of acquirement
 38586 | Vaults:1 | Got the ring of Jat Peu {rN+ Dex+6 Slay+3 SInv}
 38676 | Vaults:1 | XOM: 1-stop teleportation journey
 38687 | Vaults:1 | Reached XP level 18. HP: 155/176 MP: 30/34
 38859 | Vaults:1 | XOM: silly message
 38861 | Vaults:1 | XOM: silly message
 39207 | Vaults:1 | XOM: silly message
 39414 | Vaults:1 | XOM: silly message
 39805 | Vaults:2 | Noticed Jory
 39817 | Vaults:2 | Killed Jory
 39989 | Vaults:2 | Noticed Boris
 40041 | Vaults:2 | Learned a level 2 spell: Passwall
 40069 | Vaults:2 | XOM: noise
 40079 | Vaults:2 | XOM: silly message
 40084 | Vaults:2 | Killed Boris
 40136 | Vaults:2 | XOM: divination: detect creatures
 40140 | Vaults:2 | XOM: potion effect (invisibility)
 40288 | Vaults:2 | Identified the +2 chain mail of the Comet {rN+ rCorr Str-2
                  | Int+9} (You found it on level 2 of the Vaults)
 40670 | Vaults:2 | XOM: potion effect (curing)
 40762 | Vaults:2 | Reached skill level 15 in Fighting
 41063 | Vaults:2 | Noticed Asterion
 41423 | Vaults:2 | XOM is BORED!
 41423 | Vaults:2 | XOM: give mutations
 41423 | Vaults:2 | Gained mutation: You are frail. (-10% HP) [Xom's mischief]
 41423 | Vaults:2 | Lost mutation: You are frail. (-10% HP) [Xom's mischief]
 41451 | Vaults:2 | XOM: silly message
 41509 | Vaults:2 | XOM: divination: detect items
 41617 | Vaults:2 | Found Megrok's Jewellery Boutique.
 41739 | Vaults:2 | XOM: summons 13 friendly demons
 41757 | Vaults:2 | XOM: summons 6 hostile demons
 41833 | Vaults:2 | Noticed Margery
 41842 | Vaults:2 | XOM: destruction
 41912 | Vaults:2 | XOM: divination: detect items
 42176 | Swamp:1  | Entered Level 1 of the Swamp
 42611 | Swamp:1  | XOM: cloud trail
 42809 | Swamp:1  | XOM: silly message
 42874 | Swamp:1  | Reached skill level 5 in Armour
 43068 | Swamp:1  | XOM: give mutations
 43068 | Swamp:1  | Lost mutation: You have a pair of horns on your head.
                  | [Xom's mischief]
 43068 | Swamp:1  | Gained mutation: You are frail. (-10% HP) [Xom's mischief]
 43068 | Swamp:1  | Lost mutation: You are covered in fur. (AC +1) [Xom's
                  | mischief]
 43215 | Swamp:2  | Identified Roxanne's Handbook of Changing
 43215 | Swamp:2  | Noticed Roxanne
 43237 | Swamp:2  | Noticed Jorgrun
 43249 | Swamp:1  | XOM: give mutations
 43249 | Swamp:1  | Lost mutation: You are frail. (-10% HP) [Xom's mischief]
 43249 | Swamp:1  | Gained mutation: You are resistant to electric shocks.
                  | (rElec) [Xom's mischief]
 43249 | Swamp:1  | Gained mutation: You have a pair of horns on your head.
                  | [Xom's mischief]
 43330 | Swamp:2  | XOM: enchant monster (bad)
 43334 | Swamp:2  | Killed Jorgrun
 43508 | Swamp:2  | Reached XP level 19. HP: 186/186 MP: 35/35
 43627 | Swamp:2  | XOM: god gift: 19 stones
 43654 | Swamp:2  | XOM: 3-stop teleportation journey
 43659 | Swamp:2  | XOM: silly message
 43902 | Swamp:2  | Noticed Aizul
 43912 | Swamp:2  | Killed Aizul
 44003 | Swamp:2  | XOM: silly message
 44143 | Swamp:2  | XOM: silly message
 44518 | Swamp:3  | XOM: 1-stop teleportation journey
 44765 | Swamp:3  | XOM: silly message
 44915 | Swamp:3  | XOM: silly message
 45172 | Swamp:4  | Entered Level 4 of the Swamp
 45285 | Swamp:4  | Found a runed translucent gate.
 45285 | Swamp:4  | Found a runed translucent gate.
 45285 | Swamp:4  | Found a runed translucent gate.
 45289 | Swamp:4  | Noticed lis82's ghost (adept DgWz)
 45323 | Swamp:4  | XOM: divination: magic mapping
 45343 | Swamp:4  | XOM: 1-stop teleportation journey
 45567 | Swamp:4  | XOM: confuse monster(s)
 45717 | Swamp:4  | Noticed the 27-headed Lernaean hydra
 46275 | Swamp:4  | Killed the 27-headed Lernaean hydra
 46538 | Swamp:4  | Got a decaying rune of Zot
 46598 | Swamp:4  | XOM: cleaving
 47004 | Vaults:1 | XOM: give mutations
 47004 | Vaults:1 | Lost mutation: You are partially covered in iridescent
                  | scales. (AC +2) [Xom's mischief]
 47004 | Vaults:1 | Gained mutation: You are clumsy. (Dex -2) [Xom's mischief]
 47297 | Vaults:2 | XOM: divination: magic mapping
 47416 | Vaults:2 | XOM: god gift: 750 gold pieces
 47731 | Vaults:2 | XOM: cloud trail
 47841 | Vaults:2 | XOM: cloud trail
 47911 | Vaults:2 | XOM: noise
 48022 | Vaults:3 | Found a staircase to the Crypt.
 48022 | Vaults:3 | Found an ancient bone altar of Kikubaaqudgha.
 48023 | Vaults:3 | Found a basalt altar of Yredelemnul.
 48200 | Vaults:3 | XOM: noise
 48207 | Vaults:3 | Reached skill level 5 in Dodging
 48208 | Vaults:3 | XOM: confusion (+ monsters)
 48249 | Vaults:3 | Gained mutation: You are resistant to hostile enchantments.
                  | (MR+) [mutagenic glow]
 48310 | Vaults:3 | XOM: 1-stop teleportation journey
 48317 | Vaults:3 | XOM: noise
 48750 | Vaults:3 | XOM: give mutations
 48750 | Vaults:3 | Lost mutation: Your spells are a little harder to cast, but
                  | a little more powerful. [Xom's mischief]
 48750 | Vaults:3 | Gained mutation: You are frail. (-10% HP) [Xom's mischief]
 48750 | Vaults:3 | Lost mutation: You can exhale a cloud of poison. [Xom's
                  | mischief]
 48840 | Vaults:3 | XOM: noise
 49019 | Vaults:3 | XOM: silly message
 49404 | Vaults:3 | Reached skill level 16 in Fighting
 49421 | Vaults:3 | XOM: give mutations
 49421 | Vaults:3 | Lost mutation: You are frail. (-10% HP) [Xom's mischief]
 49421 | Vaults:3 | Gained mutation: You expend magic power (3 MP) to
                  | strengthen your wands. [Xom's mischief]
 49597 | Vaults:3 | Reached XP level 20. HP: 188/196 MP: 34/37
 49704 | Vaults:3 | XOM: give mutations
 49704 | Vaults:3 | Lost mutation: You are clumsy. (Dex -2) [Xom's mischief]
 49704 | Vaults:3 | Gained mutation: You are frail. (-10% HP) [Xom's mischief]
 49760 | Vaults:3 | Lost mutation: You are frail. (-10% HP) [potion of
                  | mutation]
 49760 | Vaults:3 | Lost mutation: You tend to lose your temper in combat.
                  | [potion of mutation]
 49760 | Vaults:3 | Gained mutation: You are frail. (-10% HP) [potion of
                  | mutation]
 49760 | Vaults:3 | Gained mutation: You are highly resistant to hostile
                  | enchantments. (MR++) [potion of mutation]
 49760 | Vaults:3 | Gained mutation: Your skin changes colour to match your
                  | surroundings (Stealth+). [potion of mutation]
 49841 | Vaults:3 | Found a roughly hewn altar of Beogh.
 49851 | Vaults:3 | XOM: polymorph orc knight -> deep troll
 50257 | Vaults:4 | XOM: swap monsters
 50274 | Vaults:4 | XOM: silly message
 50278 | Vaults:4 | XOM: noise
 50284 | Vaults:4 | XOM: potion effect (heal wounds)
 50725 | Vaults:4 | Noticed Sojobo
 50730 | Vaults:4 | XOM: silly message
 50734 | Vaults:4 | XOM: potion effect (stabbing)
 50740 | Vaults:4 | XOM: potion effect (haste)
 50741 | Vaults:4 | Killed Sojobo
 51014 | Vaults:4 | Upgraded the game from 0.25-a0-1119-g28b6fd0c3b to
                  | 0.25-a0-1126-g5fd7b56c60
 51082 | Vaults:4 | XOM: blink monster(s)
 51085 | Vaults:4 | XOM: swap monsters
 51363 | Vaults:4 | XOM: 4-stop teleportation journey
 51570 | Vaults:4 | XOM: polymorph ironheart preserver -> azure jelly
 51619 | Vaults:4 | XOM: give mutation
 51619 | Vaults:4 | Gained mutation: You are partially covered in yellow
                  | scales. (AC +2) [Xom's mischief]
 51776 | Vaults:4 | XOM: give mutations
 51776 | Vaults:4 | Lost mutation: You have a pair of horns on your head.
                  | [Xom's mischief]
 51776 | Vaults:4 | Lost mutation: Your muscles are strong. (Str +2) [Xom's
                  | mischief]
 51776 | Vaults:4 | Lost mutation: You have a pair of small horns on your head.
                  | [Xom's mischief]
 51776 | Vaults:4 | Gained mutation: Your mind is acute. (Int +2) [Xom's
                  | mischief]
 51848 | Vaults:4 | Found a portal to a secret trove of treasure.
 51850 | Vaults:4 | XOM: cleaving
 52136 | Vaults:4 | XOM: 1-stop teleportation journey
 52319 | Vaults:4 | Noticed Bai Suzhen
 52334 | Vaults:4 | Learned a level 5 spell: Agony
 52357 | Vaults:4 | XOM: silly message
 52450 | Vaults:4 | XOM: god gift: long glowing staff {god gift}
 52526 | Vaults:4 | Found Miuc's Magic Scroll Emporium.
 52557 | Vaults:4 | Bought a scroll of enchant armour for 97 gold pieces
 52557 | Vaults:4 | Bought a scroll of enchant weapon for 97 gold pieces
 52659 | Vaults:4 | Killed Bai Suzhen
 52704 | Vaults:4 | XOM: scenery: 2 doors close
 52770 | Vaults:4 | XOM: divination: detect creatures
 52828 | Vaults:4 | XOM is BORED!
 53105 | Vaults:4 | XOM: cast spell 'Shadow Creatures'
 53497 | Vaults:2 | XOM: potion effect (brilliance)
 53501 | Vaults:2 | XOM: potion effect (brilliance)
 53506 | Vaults:2 | XOM: potion effect (haste)
 53508 | Vaults:2 | Killed Margery
 53547 | Vaults:2 | XOM: silly message
 53735 | D:11     | XOM: give mutations
 53735 | D:11     | Lost mutation: You are frail. (-10% HP) [Xom's mischief]
 53735 | D:11     | Lost mutation: You are highly resistant to hostile
                  | enchantments. (MR++) [Xom's mischief]
 53814 | Elf:1    | Entered Level 1 of the Elven Halls
 53907 | Elf:1    | XOM: cast spell 'Death Channel'
 53941 | Elf:1    | Identified the Compendium of Summoning
 54027 | Elf:1    | Reached XP level 21. HP: 202/207 MP: 39/39
 54249 | Elf:1    | Noticed Louise
 54255 | Elf:1    | Killed Louise
 54446 | Elf:1    | XOM: 4-stop teleportation journey
 54979 | Elf:2    | XOM: summons 2 friendly demons
 54984 | Elf:2    | XOM: swap monsters
 54998 | Elf:2    | XOM: summons 1 hostile demon
 55004 | Elf:2    | XOM: 1-stop teleportation journey
 55006 | Elf:2    | XOM: give mutations
 55006 | Elf:2    | Lost mutation: You are resistant to hostile enchantments.
                  | (MR+) [Xom's mischief]
 55006 | Elf:2    | Lost mutation: Your mind is acute. (Int +2) [Xom's
                  | mischief]
 55014 | Elf:2    | Reached skill level 10 in Armour
 55017 | Elf:2    | XOM: polymorph deep elf mage -> shapeshifter
 55024 | Elf:2    | XOM: enchant monster (bad)
 55033 | Elf:2    | XOM: divination: detect creatures
 55036 | Elf:2    | XOM: potion effect (invisibility)
 55121 | Elf:2    | XOM: god gift: 39 gold pieces
 55136 | Elf:2    | Found a runed translucent gate.
 55136 | Elf:2    | Found a runed translucent gate.
 55136 | Elf:2    | Found a runed translucent gate.
 55160 | Elf:2    | Reached skill level 17 in Fighting
 55168 | Elf:2    | XOM: scenery: 2 doors open, 3 doors close
 55217 | Elf:2    | Found Iziel's General Store.
 55222 | Elf:2    | XOM: destruction
 55247 | Elf:2    | Found Saizin's Food Emporium.
 55247 | Elf:2    | XOM: enchant monster (good)
 55248 | Elf:2    | Found Rafye's Gadget Shoppe.
 55285 | Elf:2    | Found Neumaav's Jewellery Shop.
 55299 | Elf:2    | Found a flickering gateway to a bazaar.
 55300 | Elf:2    | XOM: cast spell 'Cause Fear'
 55304 | Bazaar   | Entered a bazaar
 55483 | Bazaar   | Found Zushroes's Antique Weapon Emporium.
 55496 | Bazaar   | Found Suodey's Antique Weapon Shoppe.
 55511 | Bazaar   | Found Ahix's Antique Armour Shoppe.
 55516 | Bazaar   | Bought a glowing cloak for 150 gold pieces
 55533 | Bazaar   | Found Mycyiw's Antique Armour Emporium.
 55538 | Bazaar   | Bought an embroidered cloak for 225 gold pieces
 55563 | Elf:2    | XOM: fog
 55674 | Elf:2    | Learned a level 2 spell: Blink
 55696 | Elf:2    | XOM: swap monsters
 55731 | Elf:2    | Bought the amulet "Eri Naim" {Reflect rElec SH+5} for 792
                  | gold pieces
 56405 | Elf:2    | XOM: silly message
 56509 | Elf:2    | XOM: confusion
 56832 | Elf:2    | XOM: give mutations
 56832 | Elf:2    | Gained mutation: You are weak. (Str -2) [Xom's mischief]
 56832 | Elf:2    | Lost mutation: You are partially covered in yellow scales.
                  | (AC +2) [Xom's mischief]
 56832 | Elf:2    | Gained mutation: You are frail. (-10% HP) [Xom's mischief]
 56867 | Elf:3    | Entered Level 3 of the Elven Halls
 57005 | Lair:1   | XOM: silly message
 57082 | Swamp:4  | Killed lis82's ghost
 57383 | Vaults:3 | XOM: give mutations
 57383 | Vaults:3 | Gained mutation: You are clumsy. (Dex -2) [Xom's mischief]
 57434 | Vaults:5 | Entered Level 5 of the Vaults
 57471 | Vaults:4 | Reached skill level 15 in Spellcasting
 57679 | D:13     | XOM: stat loss: -1 Str (12/13)
 57859 | Elf:3    | XOM: 4-stop teleportation journey
 57988 | Elf:3    | Found the +4 Cigotuvi's embrace {rRot *Drain rN+}
 57988 | Elf:3    | XOM: 2-stop teleportation journey
 57991 | Elf:3    | Learned a level 1 spell: Apportation
 58083 | Elf:3    | Identified the +0 helmet of Instinct {rF+ rN+ Int+2} (You
                  | found it on level 3 of the Elven Halls)
 58134 | Elf:3    | XOM: cast spell 'Call Canine Familiar'
 58189 | Elf:3    | XOM: confusion
 58197 | Elf:3    | XOM: polymorph green death -> lorocyproca
 58205 | Elf:3    | Reached XP level 22. HP: 147/196 MP: 11/41
 58210 | Elf:3    | XOM: confuse monster(s)
 58235 | Elf:3    | XOM: divination: detect creatures
 58242 | Elf:3    | XOM: enchant monster (good)
 58455 | Elf:3    | Found the amulet of the Air {Inacc +Fly rElec EV+5 RMsl}
 58455 | Elf:3    | Found the +5 scythe "Finisher" {speed, eviscerate}
 58485 | Elf:3    | Identified the Collected Works on Transmutation
 58504 | Elf:3    | Got a scintillating golden amulet
 58505 | Elf:3    | Identified the amulet "Ecodd" {Faith *Slow rElec SInv
                  | Stlth-} (You found it on level 3 of the Elven Halls)
 58509 | Elf:3    | Identified the +1 pair of gloves of Light {Dex+3 Stlth+}
                  | (You found it on level 3 of the Elven Halls)
 58528 | Elf:3    | Identified the Disquisition on Lightness
 58654 | Elf:3    | XOM: give mutations
 58654 | Elf:3    | Gained mutation: Your tail ends in a poisonous barb. [Xom's
                  | grace]
 58654 | Elf:3    | Gained mutation: You are somewhat resistant to further
                  | mutation. [Xom's grace]
 58862 | Elf:3    | XOM: fog
 59004 | Elf:3    | XOM: polymorph deep elf archer -> dream sheep
 59234 | Elf:3    | Found an opulent altar of Gozag.
 59235 | Elf:3    | Found a runed translucent gate.
 59235 | Elf:3    | Found a runed translucent gate.
 59235 | Elf:3    | Found a runed translucent gate.
 59235 | Elf:3    | Found Unaty's Assorted Antiques.
 59235 | Elf:3    | Noticed mora's ghost (adept OpTm)
 59236 | Elf:3    | Found Losost's Assorted Antiques.
 59255 | Elf:3    | XOM: potion effect (might)
 59262 | Elf:3    | XOM: confuse monster(s)
 59285 | Elf:3    | Killed mora's ghost
 59537 | Elf:3    | Bought a tubular pearl ring for 205 gold pieces
 59548 | Elf:3    | Bought a scroll of blinking for 202 gold pieces
 59548 | Elf:3    | Bought a potion of stabbing for 108 gold pieces
 59703 | Elf:3    | Reached skill level 18 in Fighting
 59722 | Elf:3    | XOM: polymorph deep elf mage -> floating eye
 60207 | Depths:1 | Entered Level 1 of the Depths
 60207 | Depths:1 | Found a large runed translucent door.
 60207 | Depths:1 | Found a large runed translucent door.
 60207 | Depths:1 | Noticed Dayj's ghost (master KoEn)
 60311 | Depths:1 | XOM: potion effect (brilliance)
 60496 | D:15     | XOM: silly message
 60535 | D:15     | XOM: silly message
 60619 | Depths:1 | XOM: summons friendly white imp
 60620 | Depths:1 | XOM: divination: detect items
 60621 | Depths:1 | XOM: polymorph white imp -> crimson imp
 60622 | Depths:1 | XOM: enchant monster (bad)
 60652 | Depths:1 | Reached skill level 1 in Conjurations
 61019 | Depths:1 | XOM: 2-stop teleportation journey
 61146 | Depths:1 | Found a gateway to Hell.
 61666 | Depths:1 | Found a one-way gate to the infinite horrors of the Abyss.
 61690 | Depths:1 | XOM: divination: detect items
 61859 | Depths:1 | Found a one-way gate leading to the halls of Pandemonium.
 62191 | Depths:2 | Found Teliliax's Assorted Antiques.
 62192 | Depths:2 | Noticed Mara
 62193 | Depths:2 | Noticed Jannitor's illusion
 62204 | Depths:2 | XOM: blink monster(s)
 62211 | Depths:2 | Killed Mara
 62211 | Depths:2 | Reached XP level 23. HP: 181/206 MP: 36/43
 62211 | Depths:2 | XOM: cleaving
 62344 | Depths:2 | Noticed the Enchantress
 62358 | Depths:2 | Noticed the Enchantress
 62358 | Depths:2 | the Enchantress changed into the Enchantress the catoblepas
 62358 | Depths:2 | XOM: polymorph the Enchantress -> the Enchantress the
                  | catoblepas
 62363 | Depths:1 | XOM: swap monsters
 62374 | Depths:1 | Killed the Enchantress the catoblepas
 62531 | Depths:2 | XOM: give mutation
 62531 | Depths:2 | Lost mutation: You are clumsy. (Dex -2) [Xom's grace]
 62784 | Depths:2 | Bought a scroll of summoning for 247 gold pieces
 62810 | Depths:2 | Found Ixiog's Food Shoppe.
 62886 | Depths:2 | XOM: cloud trail
 62922 | Depths:2 | XOM: give mutations
 62922 | Depths:2 | Gained mutation: You are partially covered in rugged brown
                  | scales. (AC +1, +3% HP) [Xom's grace]
 62922 | Depths:2 | Gained mutation: You are partially covered in iridescent
                  | scales. (AC +2) [Xom's grace]
 62922 | Depths:2 | Gained mutation: Your mind is acute. (Int +2) [Xom's grace]
 62922 | Depths:2 | Gained mutation: You have a pair of small horns on your
                  | head. [Xom's grace]
 63117 | Depths:2 | Found Lakadghu's Magic Scroll Shoppe.
 63120 | Depths:2 | Bought a scroll of brand weapon for 320 gold pieces
 63121 | Depths:2 | Bought a scroll of fear for 56 gold pieces
 63121 | Depths:2 | Bought a scroll of teleportation for 48 gold pieces
 63121 | Depths:2 | Bought a scroll of magic mapping for 56 gold pieces
 63121 | Depths:2 | Bought a scroll of teleportation for 48 gold pieces
 63121 | Depths:2 | Bought a scroll of silence for 120 gold pieces
 63285 | Depths:2 | Found Fumeer's Gadget Shoppe.
 63341 | Depths:2 | Found a gateway to a ziggurat.
 63467 | Depths:2 | XOM: scenery: create altars
 63791 | Depths:2 | Noticed a caustic shrike
 63817 | Depths:2 | XOM: swap monsters
 63819 | Depths:2 | Killed a caustic shrike
 63842 | Depths:2 | XOM: summons 2 friendly demons
 63893 | Depths:2 | XOM: 2-stop teleportation journey
 64326 | Depths:2 | XOM: enchant monster (good)
 64330 | Depths:2 | XOM: fog
 64618 | Depths:2 | Reached skill level 5 in Conjurations
 64889 | Depths:2 | Identified the +7 flail "Onel" {vorpal, MR- Int+7}
 65258 | Depths:2 | Noticed a golden dragon
 65269 | Depths:2 | Killed a golden dragon
 65418 | Depths:2 | XOM: potion effect (brilliance)
 65421 | Depths:2 | XOM: divine lightning
 65999 | Depths:3 | Found a shattered altar of Ashenzari.
 66030 | Depths:3 | XOM: smoke on damage
 66049 | Depths:3 | XOM: noise
 66326 | Depths:3 | XOM: polymorph red very ugly thing -> green very ugly thing
 66332 | Depths:3 | Reached XP level 24. HP: 223/223 MP: 43/43
 66369 | Depths:3 | XOM: fog
 66509 | Depths:3 | XOM: scenery: 1 doors close
 66560 | Depths:3 | XOM: 1-stop teleportation journey
 66812 | Depths:3 | Reached skill level 19 in Fighting
 67196 | Depths:4 | XOM: give mutation
 67196 | Depths:4 | Gained mutation: Your spells are a little harder to cast,
                  | but a little more powerful. [Xom's mischief]
 67333 | Depths:4 | XOM: noise
 67458 | Depths:4 | XOM: summons friendly ufetubus
 67993 | Depths:4 | XOM: fog
 67994 | Depths:4 | XOM: blink monster(s)
 68004 | Depths:4 | XOM: potion effect (brilliance)
 68015 | Depths:4 | XOM: divine lightning
 68148 | Depths:4 | Found the +8 glaive of the Guard {elec, +Rage AC+5 SInv}
 68186 | Depths:4 | XOM: summons 3 hostile demons
 68318 | Depths:5 | Entered Level 5 of the Depths
 68696 | Depths:5 | XOM: divination: detect creatures
 68840 | Depths:5 | XOM: god gift: 60 gold pieces
 68984 | Depths:5 | XOM: 1-stop teleportation journey
 69242 | Depths:5 | Found a gate to the Realm of Zot.
 69253 | Depths:5 | XOM: scenery: create altars
 69272 | Depths:5 | Reached skill level 10 in Dodging
 69279 | Depths:5 | XOM: scenery: create altars
 69292 | Depths:5 | XOM: enchant monster (good)
 69507 | Depths:5 | XOM: scenery: create altars
 69538 | Depths:5 | XOM: 4-stop teleportation journey
 69773 | Depths:5 | Reached skill level 10 in Transmutations
 69779 | Depths:5 | Reached XP level 25. HP: 223/231 MP: 37/44
 69863 | Depths:5 | XOM: enchant monster (bad)
 70411 | Depths:5 | Found Urchyl's Jewellery Shoppe.
 70799 | D:14     | XOM: give mutation
 70799 | D:14     | Lost mutation: Your mind is acute. (Int +2) [Xom's
                  | mischief]
 70967 | Vaults:3 | XOM: give mutations
 70967 | Vaults:3 | Gained mutation: Your flesh is heat resistant. (rF+) [Xom's
                  | grace]
 70967 | Vaults:3 | Gained mutation: Your spells are harder to cast, but more
                  | powerful. [Xom's grace]
 70970 | Crypt:1  | Entered Level 1 of the Crypt
 71002 | Crypt:1  | XOM: enchant monster (good)
 71005 | Crypt:1  | XOM: cast spell 'Cause Fear'
 71012 | Crypt:1  | XOM: enchant monster (good)
 71027 | Crypt:1  | XOM: divination: magic mapping
 71370 | Crypt:1  | XOM: 4-stop teleportation journey
 71382 | Crypt:1  | XOM: scenery: 3 doors close
 71386 | Crypt:1  | XOM: fake destruction
 71394 | Crypt:1  | XOM: enchant monster (good)
 71621 | Crypt:1  | XOM is BORED!
 71621 | Crypt:1  | XOM: silly message
 71941 | Crypt:1  | XOM: summons 13 friendly demons
 72327 | Crypt:2  | XOM: 5-stop teleportation journey
 72407 | Crypt:2  | XOM: blink monster(s)
 72555 | Crypt:2  | XOM: 2-stop teleportation journey
 72734 | Crypt:2  | XOM: noise
 72756 | Crypt:2  | XOM: scenery: 2 doors open
 72912 | Crypt:2  | XOM is BORED!
 72912 | Crypt:2  | XOM: summons 5 hostile demons
 73028 | Crypt:3  | Entered Level 3 of the Crypt
 73089 | Crypt:3  | Reached skill level 10 in Conjurations
 73352 | Crypt:3  | XOM: smoke on damage
 73378 | Crypt:3  | XOM: divination: detect creatures
 73437 | Crypt:3  | Found the +6 Majin-Bo {vamp, Archmagi MP+6 Int+6}
 73706 | Crypt:3  | XOM: give mutation
 73706 | Crypt:3  | Lost mutation: Your spells are harder to cast, but more
                  | powerful. [Xom's mischief]
 73774 | Crypt:3  | Reached skill level 20 in Fighting
 73833 | Crypt:3  | Found the +7 great mace "Undeadhunter" {disrupt, rN+}
 73995 | Crypt:3  | Found a staircase to the Tomb.
 74037 | Crypt:3  | Noticed an ancient lich
 74039 | Crypt:3  | XOM: summons friendly quasit
 74051 | Crypt:3  | Killed an ancient lich
 74076 | Crypt:3  | XOM: silly message
 74200 | Crypt:3  | Learned a level 6 spell: Eringya's Noxious Bog
 74528 | Crypt:3  | Identified the cursed +0 scale mail "Catty" {Harm +Fly
                  | Slay-5} (You found it on level 3 of the Crypt)
 74737 | Crypt:3  | XOM: potion effect (magic)
 74837 | Crypt:3  | Found an ancient bone altar of Kikubaaqudgha.
 74839 | Crypt:3  | Noticed an ancient lich
 74853 | Crypt:3  | Killed an ancient lich
 74949 | Crypt:3  | Noticed an ancient lich
 74964 | Crypt:3  | Killed an ancient lich
 74964 | Crypt:3  | Reached XP level 26. HP: 233/242 MP: 42/45
 74975 | Crypt:3  | Identified Irapp's Handbook of the Entrancing Rocks
 75193 | Crypt:3  | XOM: chaos upgrade
 75198 | Crypt:3  | XOM: fog
 75406 | Crypt:1  | XOM: scenery: 3 fountains blood, 3 doors close
 75630 | Vaults:5 | Identified the Grimoire of Black Rituals
 75640 | Vaults:5 | Learned a level 6 spell: Death Channel
 75677 | Vaults:5 | XOM: give mutation
 75677 | Vaults:5 | Lost mutation: You are somewhat resistant to further
                  | mutation. [Xom's mischief]
 75744 | Vaults:5 | Found Dulosag's Distillery.
 75750 | Vaults:5 | Found Acvae's Assorted Antiques.
 75752 | Vaults:5 | XOM: destruction
 75767 | Vaults:5 | XOM: fog
 75807 | Vaults:5 | XOM: god gift: 50 gold pieces
 75956 | Vaults:5 | XOM: scenery: create altars
 75957 | Vaults:5 | Bought 2 potions of haste for 340 gold pieces
 75957 | Vaults:5 | Bought a potion of haste for 170 gold pieces
 75957 | Vaults:5 | Bought a potion of heal wounds for 85 gold pieces
 75957 | Vaults:5 | Bought a potion of curing for 51 gold pieces
 75957 | Vaults:5 | Bought a potion of curing for 51 gold pieces
 75957 | Vaults:5 | Bought a potion of might for 68 gold pieces
 75957 | Vaults:5 | Bought a potion of curing for 51 gold pieces
 75957 | Vaults:5 | Bought a potion of haste for 170 gold pieces
 75960 | Vaults:5 | Bought a glowing broad axe for 182 gold pieces
 75962 | Vaults:5 | Bought a scroll of summoning for 247 gold pieces
 75962 | Vaults:5 | Bought a smoking garnet amulet for 130 gold pieces
 75962 | Vaults:5 | Bought a conspicuous book for 390 gold pieces
 75962 | Vaults:5 | Identified the amulet "Kidil Haiq" {*Corrode rPois rC+
                  | Regen+ Dex+5} (You bought it in a shop on level 5 of the
                  | Vaults)
 76226 | Vaults:5 | Noticed an ancient lich
 76239 | Vaults:5 | Killed an ancient lich
 76275 | Vaults:5 | XOM: scenery: 1 doors open, 1 doors close
 76580 | Vaults:5 | XOM: god gift: wand of paralysis (8)
 76654 | Vaults:5 | XOM: scenery: create altars
 76691 | Vaults:5 | XOM: god gift: shiny scale mail {god gift}
 76784 | Vaults:5 | XOM: enchant monster (bad)
 76859 | Vaults:5 | Found Ciumuergh's Distillery.
 76864 | Vaults:5 | Bought a potion of heal wounds for 100 gold pieces
 76864 | Vaults:5 | Bought a potion of cancellation for 160 gold pieces
 76864 | Vaults:5 | Bought a potion of brilliance for 80 gold pieces
 76864 | Vaults:5 | Bought 2 potions of brilliance for 160 gold pieces
 76864 | Vaults:5 | Bought a potion of heal wounds for 100 gold pieces
 76864 | Vaults:5 | Bought a potion of curing for 60 gold pieces
 76864 | Vaults:5 | Bought a potion of resistance for 200 gold pieces
 76864 | Vaults:5 | Bought a potion of mutation for 160 gold pieces
 76864 | Vaults:5 | Bought a potion of curing for 60 gold pieces
 76864 | Vaults:5 | Bought a potion of brilliance for 80 gold pieces
 76881 | Vaults:5 | Found Getuissupte's Food Shoppe.
 76927 | Vaults:5 | Identified the cursed +3 demon whip "Nugomury" {elec,
                  | Stlth+} (You found it on level 5 of the Vaults)
 77141 | Vaults:5 | Found Caoz's Distillery.
 77145 | Vaults:5 | Bought a potion of magic for 168 gold pieces
 77145 | Vaults:5 | Bought a potion of curing for 63 gold pieces
 77145 | Vaults:5 | Bought a potion of mutation for 168 gold pieces
 77145 | Vaults:5 | Bought a potion of heal wounds for 105 gold pieces
 77145 | Vaults:5 | Bought a potion of brilliance for 84 gold pieces
 77145 | Vaults:5 | Bought a potion of might for 84 gold pieces
 77207 | Vaults:5 | XOM: enchant monster (good)
 77210 | Vaults:5 | XOM: confusion
 77218 | Vaults:5 | XOM: noise
 77320 | Vaults:5 | XOM: give mutation
 77320 | Vaults:5 | Lost mutation: You are frail. (-10% HP) [Xom's mischief]
 77367 | Vaults:5 | XOM: noise
 77375 | Vaults:5 | XOM: silly message
 77451 | Vaults:5 | XOM: noise
 77476 | Vaults:5 | XOM: silly message
 77621 | Vaults:5 | XOM: silly message
 77840 | Vaults:4 | You paid a toll of +3 shadow dragon scales to enter a
                  | treasure trove
 77841 | Trove    | Entered a treasure trove
 77864 | Trove    | Got a warped tin ring
 77865 | Trove    | Identified the ring of Secrets {Int+3 Slay+4} (You found it
                  | in a treasure trove)
 78052 | Vaults:5 | Found Quipn's Gadget Boutique.
 78057 | Vaults:5 | Got a silver rune of Zot
 78058 | Vaults:5 | Found Xittuap's Antique Armour Boutique.
 78411 | Vaults:5 | XOM: give mutation
 78411 | Vaults:5 | Gained mutation: Your mind is acute. (Int +2) [Xom's grace]
 78437 | Vaults:5 | Identified the cursed +0 pair of gloves of Refuge {rC-
                  | Int+6} (You found it on level 5 of the Vaults)
 78481 | Vaults:4 | XOM: god gift: paperback book {god gift}
 78517 | Vaults:3 | XOM: noise
 78818 | Zot:1    | Entered Level 1 of the Realm of Zot
 78924 | Zot:1    | XOM: divination: detect creatures
 79140 | Zot:1    | Noticed a Killer Klown
 79141 | Zot:1    | Noticed a Killer Klown
 79144 | Zot:1    | XOM: silly message
 79161 | Zot:1    | XOM: potion effect (berserk rage)
 79162 | Zot:1    | Reached skill level 21 in Fighting
 79179 | Zot:1    | Reached skill level 1 in Evocations
 79180 | Zot:1    | Killed a Killer Klown
 79188 | Zot:1    | Noticed a shard shrike
 79188 | Zot:1    | a Killer Klown changed into a shard shrike
 79188 | Zot:1    | XOM: polymorph Killer Klown -> shard shrike
 79193 | Zot:1    | Killed a shard shrike
 79203 | Zot:1    | Reached XP level 27. HP: 216/281 MP: 42/45
 79226 | Zot:1    | Lost mutation: You are partially covered in rugged brown
                  | scales. (AC +1, +3% HP) [mutagenic glow]
 79286 | Zot:1    | Gained mutation: You are very weak. (Str -4) [mutagenic
                  | glow]
 79737 | Zot:1    | XOM: scenery: create altars
 79745 | Zot:1    | XOM: 9-stop teleportation journey
 79892 | Zot:1    | XOM: noise
 79895 | Zot:1    | XOM: blink monster(s)
 80100 | Zot:1    | Identified the ring of Lankari {rC+ rN+ Stlth+}
 80364 | Zot:1    | XOM: cloud trail
 80743 | Vaults:2 | XOM: enchant monster (good)
 80752 | Vaults:2 | Killed Asterion
 81064 | Zot:1    | XOM: enchant monster (good)
 81185 | Zot:2    | XOM: enchant monster (good)
 81243 | Zot:2    | XOM: scenery: create altars
 81282 | Zot:2    | Reached skill level 5 in Evocations
 81283 | Zot:2    | Reached skill level 10 in Shields
 81287 | Zot:2    | XOM: scenery: create altars
 81574 | Zot:1    | XOM: give mutation
 81574 | Zot:1    | Gained mutation: You possess an exceptional clarity of
                  | mind. [Xom's grace]
 81879 | Zot:2    | Identified the +1 chain mail "Ufacruch" {Dex+3} (You found
                  | it on level 2 of the Realm of Zot)
 81917 | Zot:2    | Found a transporter.
 82093 | Zot:2    | XOM: torment (181/274 hp)
 82244 | Zot:2    | XOM: 1-stop teleportation journey
 82349 | Zot:2    | Found the +0 mask of the Dragon {MR+ Slay+3 SInv}
 82351 | Zot:2    | Found a transporter.
 82607 | Zot:3    | XOM: polymorph yellow draconian stormcaller -> dire
                  | elephant
 82611 | Zot:3    | XOM: confuse monster(s)
 82785 | Zot:3    | XOM: give mutation
 82785 | Zot:3    | Gained mutation: You are partially covered in thin metallic
                  | scales. (AC +2) [Xom's grace]
 82840 | Zot:3    | XOM: silly message
 83449 | Zot:3    | XOM: noise
 83450 | Zot:3    | XOM: divination: magic mapping
 83455 | Zot:3    | XOM: silly message
 83469 | Zot:3    | XOM: enchant monster (bad)
 83473 | Zot:3    | XOM: potion effect (brilliance)
 83482 | Zot:3    | XOM: noise
 83916 | Zot:3    | Found a runed translucent gate.
 83917 | Zot:3    | Found a runed translucent gate.
 83917 | Zot:3    | Noticed Baz's ghost (legendary TeAE)
 83918 | Zot:3    | Found a runed translucent gate.
 84357 | Zot:4    | XOM: silly message
 84498 | Zot:4    | XOM: 4-stop teleportation journey
 84568 | Zot:4    | XOM: noise
 84599 | Zot:4    | XOM: divination: detect creatures
 84622 | Zot:4    | XOM: 8-stop teleportation journey
 84644 | Zot:4    | Noticed an orb of fire
 84646 | Zot:4    | Gained mutation: You are frail. (-10% HP) [an orb of fire]
 84660 | Zot:4    | Gained mutation: You can exhale a cloud of poison. [an orb
                  | of fire]
 84674 | Zot:4    | Killed an orb of fire
 84964 | Zot:4    | XOM: 2-stop teleportation journey
 85439 | Zot:5    | Entered Level 5 of the Realm of Zot
 85886 | Zot:5    | Reached skill level 22 in Fighting
 85887 | Zot:5    | XOM: potion effect (might)
 85891 | Zot:5    | XOM: summons friendly crimson imp
 85976 | Zot:5    | Reached skill level 10 in Evocations
 86002 | Zot:5    | Noticed an orb of fire
 86004 | Zot:5    | Noticed an orb of fire
 86033 | Zot:5    | XOM: silly message
 86034 | Zot:5    | Killed an orb of fire
 86036 | Zot:5    | Killed an orb of fire
 86061 | Zot:5    | XOM: 1-stop teleportation journey
 86063 | Zot:5    | Got the Orb of Zot
 86065 | Zot:5    | XOM: cast spell 'Leda's Liquefaction'
 86074 | Zot:5    | XOM: fog
 86078 | Zot:5    | Noticed an orb of fire
 86080 | Zot:5    | Lost mutation: You possess an exceptional clarity of mind.
                  | [an orb of fire]
 86082 | Zot:5    | Gained mutation: You are very frail. (-20% HP) [an orb of
                  | fire]
 86087 | Zot:5    | XOM: cast spell 'Death Channel'
 86091 | Zot:5    | Gained mutation: You occasionally shout uncontrollably at
                  | your foes. [mutagenic glow]
 86093 | Zot:5    | Killed an orb of fire
 86102 | Zot:5    | Noticed an orb of fire
 86128 | Zot:5    | Gained mutation: You are extremely frail. (-30% HP) [an orb
                  | of fire]
 86129 | Zot:5    | Noticed an ancient lich
 86129 | Zot:5    | Noticed an orb of fire
 86130 | Zot:5    | Noticed an orb of fire
 86130 | Zot:5    | Noticed an ancient lich
 86130 | Zot:5    | Noticed an orb of fire
 86137 | Zot:5    | Noticed an orb of fire
 86138 | Zot:5    | Noticed an orb of fire
 86143 | Zot:5    | XOM: divination: magic mapping
 86146 | Zot:5    | Gained mutation: You are clumsy. (Dex -2) [an orb of fire]
 86147 | Zot:5    | XOM: summons 2 friendly demons
 86149 | Zot:5    | Noticed an ancient lich
 86150 | Zot:5    | XOM: summons friendly ufetubus
 86151 | Zot:5    | Gained mutation: You tend to lose your temper in combat.
                  | [an orb of fire]
 86151 | Zot:5    | HP: 6/193 [balrug/divine providence (12)]
 86151 | Zot:5    | Killed from afar by an orb of fire

Illustrated notes

Levels and vault maps discovered:
D:1:      dpeg_arrival_castle, layout_basic
D:2:      layout_basic, serial_bayou_pond_e, minmay_goblin_outpost
D:3:      layout_basic, first_ration, uniq_terence
D:4:      layout_loops_ring, nicolae_xom_altar_mimics, uniq_duvessa
D:5:      layout_loops_cross, sword_in_stone
D:6:      layout_loops_cross, serial_shops, nicolae_shop_waterfront,
          kennysheep_decorative_pillar, kennysheep_donut, uniq_eustachio
D:7:      wad_lake_hut, layout_basic, minmay_temple_entry_mist, uniq_pikel,
          uniq_prince_ribbit1
D:8:      layout_cave_pods
D:9:      layout_roguey, eat_drink_and_be_merry_uskayaw, uniq_grum
D:10:     layout_roguey, lair_entry_dummy, orc_0_dummy, hangedman_fish_farm,
          nicolae_water_bricks
D:11:     layout_stronghold, nicolae_wand_duel, minmay_checkerbox
D:12:     minmay_the_grid_square_5x5_5x5_mashed
          [minmay_the_grid_square_5x5_checkered_statues,
          minmay_the_grid_square_5x5_intrusive_squares,
          minmay_the_grid_square_5x5_eight_small,
          minmay_the_grid_square_5x5_n_small,
          minmay_the_grid_square_5x5_checkered_sparse,
          minmay_the_grid_square_5x5_detours,
          minmay_the_grid_square_5x5_prize_pseudospiral,
          minmay_the_grid_square_5x5_inset,
          minmay_the_grid_square_5x5_prize_deathbox,
          minmay_the_grid_square_5x5_fancy_junction,
          minmay_the_grid_square_5x5_forky, minmay_the_grid_square_5x5_longway,
          minmay_the_grid_square_5x5_prize_open,
          minmay_the_grid_square_5x5_moneybag,
          minmay_the_grid_square_5x5_hollow_slash,
          minmay_the_grid_square_5x5_comb,
          minmay_the_grid_square_5x5_prize_itemx,
          minmay_the_grid_square_5x5_misaligned,
          minmay_the_grid_square_5x5_prize_gold,
          minmay_the_grid_square_5x5_sharp_hourglass,
          minmay_the_grid_square_5x5_three_small, minmay_the_grid_square_5x5_c,
          minmay_the_grid_square_5x5_half_checkered,
          minmay_the_grid_square_5x5_six_small,
          minmay_the_grid_square_5x5_hourglass], layout_irregular_city,
          serial_shops, nicolae_shop_stone, minmay_lizard_king
D:13:     minmay_stone_box, layout_rooms, erik_vaults_2, basic_altar, uniq_sonja
D:14:     kennysheep_room_grid, layout_layer_cave, ebering_dispersal_statue_hall
D:15:     hangedman_depths_entry_try_elsewhere_first, layout_basic,
          roderic_st_hans_cross
Lair:1:   layout_cave_pods, nicolae_volcano_entry_s_turn,
          nicolae_lair_grove_arrangements, st_stairs_3, uniq_joseph
Lair:2:   layout_chaotic_city, swamp_mist, spider_nest_entry_webs, basic_altar,
          serial_bayou_shore_b, grunt_megastairs_3
Lair:3:   layout_loops_ring, gauntlet_entry_generic, serial_bayou_shore_b,
          lemuel_fruit_tree, grunt_megastairs_2, minmay_lair_oklob_chamber,
          infiniplex_staircase_pool
Lair:4:   layout_gridlike, basic_altar
Lair:5:   layout_regular_city, gammafunk_ghost_arena, basic_altar, minivault_23
Lair:6:   evilmike_catoblepas_cave, layout_misc_corridors, slime_dummy
Swamp:1:  layout_falls_marsh, evilmike_swamp_ruin_rubble_2
Swamp:2:  layout_basic_swamp, nicolae_swamp_very_dense_foliage, uniq_aizul,
          uniq_roxanne, uniq_jorgrun
Swamp:3:  layout_falls_marsh, infiniplex_staircase_pool_2
Swamp:4:  swamp_old_school, layout_basic_swamp, ebering_ghost_rock_garden
Spider:1: layout_spider_delve, uniq_frances
Spider:2: layout_spider_delve, drop_trap, uniq_arachne, uniq_kirke
Spider:3: layout_spider_delve, nicolae_orb_stairs
Spider:4: guppyfry_spider_rune, nicolae_spider_webbed_stairs
Orc:1:    layout_caves, uniq_erolcha, uniq_harold
Orc:2:    st_orc_open, layout_caves, serial_shops, shop
Elf:1:    elf_arrival_001, layout_gridlike, minmay_elf_demonology,
          hangedman_decor_cross_pass, uniq_louise
Elf:2:    layout_rooms, serial_shops, bzr_entry_gold,
          nicolae_shop_temple_entry_statues_fountains, shop,
          nicolae_shop_temple_entry_statues_fountains, shop
Elf:3:    minmay_elf_hall_four_x, layout_gridlike, ebering_ghost_gozag,
          hangedman_elven_pyramids
Vaults:1: vaults_room_large_hall, vaults_dpeg_ring,
          nicolae_vaults_inception_scallops, vaults_mumra_hex, v_misc_10,
          vaults_room_grid, hangedman_vaults_cutoff, layout_vaults_chaotic_city
Vaults:2: v_misc_11, nicolae_vaults_little_squares_3, ontoclasm_vaults_fault,
          nicolae_vaults_branching_niches, nicolae_vaults_little_squares_5,
          nicolae_vaults_little_squares_3, ontoclasm_vaults_loading_screen,
          layout_vaults_omnigrid, serial_shops, shop, uniq_asterion,
          uniq_margery, uniq_boris, uniq_jory
Vaults:3: ontoclasm_vaults_claustrophobia, hangedman_vaults_nodes, v_misc_25,
          vaults_room_hallway, minmay_crypt_entry_necro_gods,
          vaults_standard_mumra_x, nicolae_vaults_shelves_hall,
          nicolae_vaults_network_quincunx
          [nicolae_vaults_network_quincunx_subvault,
          nicolae_vaults_network_quincunx_subvault,
          nicolae_vaults_network_quincunx_subvault,
          nicolae_vaults_network_quincunx_subvault,
          nicolae_vaults_network_quincunx_subvault], vaults_mumra_chevron,
          v_misc_2, hangedman_vaults_corner, v_rooms_3, vaults_mumra_lcd,
          special_room_vaults [special_room_orc], layout_vaults_maze
Vaults:4: v_misc_5, nicolae_vaults_network_square, st_octagons_2,
          grunt_vaults_hallway_long, nicolae_vaults_little_ls,
          ontoclasm_vaults_decontamination, grunt_vaults_hallway_short,
          v_rooms_4, ontoclasm_vaults_loading_screen, grunt_vaults_focal,
          nicolae_vaults_asterisk, vaults_room_fours,
          nicolae_vaults_yaktaur_gun_rack, hangedman_vaults_maws,
          layout_vaults_omnicross, enter_trove_5, serial_shops,
          nicolae_shop_waterfront, uniq_bai_suzhen, uniq_sojobo
Vaults:5
Crypt:1:  layout_gridlike, st_stairs_11, grunt_crypt_arrival_webbed
Crypt:2:  layout_chaotic_city, glass_columns_a, minmay_misc_feat_hallway
Crypt:3:  quadcrypt_mu
Depths:1: layout_gridlike, ebering_ghost_disaster_area, abyss_entry,
          pf_coc_iceberg, pan_entry, grunt_decor_one_mirror, onia_ninara_cookie
Depths:2: evilmike_diamond_2, layout_basic, enter_ziggurat_a,
          chequers_serial_rivers_room_b, pf_hell_entry_tar_river, serial_shops,
          shop_statue, kennysheep_little_box, kennysheep_mini,
          kennysheep_mini_moat, corexii_leaking_fountain, serial_bayou_shore_b,
          uniq_enchantress, uniq_mara
Depths:3: minmay_polygon_palace, layout_basic, rand_demon_pan_entry_5,
          serial_sigils_hangedman_writhe, grunt_metal_band, ashenzari_altar_1
Depths:4: minmay_guarded_unrand_guard, layout_cave_pools, abyss_entry,
          kennysheep_path_1, hell_entry, corexii_hall_statues_i,
          minmay_staircase_windowed_large
Depths:5: grunt_x_marks_the_spot, layout_basic, serial_shops,
          nicolae_shop_temple_entry_statues_fountains, hangedman_geh_valley,
          minmay_crystal_room
Zot:1:    grunt_zot_stairs_faceoff, layout_onion
Zot:2:    layout_onion, chequers_guarded_unrand_mask_of_the_dragon
Zot:3:    lemuel_draconian_sentries, layout_misc_corridors,
          ebering_ghost_rock_garden, guppyfry_library_mini
Zot:4:    lemuel_firehouse, layout_concentric_octagons
Zot:5:    layout_cathedral_of_symmetry

Skill      XL: |  1  2  3  4  5  6  7  8  9 10 11 12 13 14 15 16 17 18 19 20 21 22 23 24 25 26 27 |
---------------+----------------------------------------------------------------------------------+-----
Stealth        | 4 5 6 7 9 10 | 10.2
Short Blades   | 1 2 3 4 |  4.8
Necromancy     | 5 6 7 8 9 10 11 12 13 | 13.2
Spellcasting   | 3 4 5 7 8 9 10 11 12 13 14 15 16 17 18 | 18.7
Armour         | 1 2 3 4 5 6 9 11 13 14 | 14.7
Shields        | 1 3 4 6 7 8 9 11 | 11.5
Poison Magic   | 3 7 9 11 12 13 14 | 14.4
Axes           | 3 6 10 12 14 16 17 18 | 18.2
Fighting       | 7 10 13 14 15 16 17 18 19 20 21 22 | 22.1
Transmutations | 2 5 8 10 | 10.3
Fire Magic     | 3 |  3.0
Dodging        | 3 5 7 8 10 11 12 14 | 14.3
Conjurations   | 2 6 8 11 | 11.2
Evocations     | 2 11 | 11.0

Action                   |  1- 3 |  4- 6 |  7- 9 | 10-12 | 13-15 | 16-18 | 19-21 | 22-24 | 25-27 || total
-------------------------+-------+-------+-------+-------+-------+-------+-------+-------+-------++-------
Melee: Unarmed           |     3 |       |       |       |       |       |       |       |       ||     3
       Dagger            |    28 |   100 |    61 |       |       |       |       |       |       ||   189
       Tailslap          |       |       |    10 |       |    82 |       |       |   319 |   500 ||   911
       Headbutt          |       |       |    27 |    78 |   180 |   235 |   176 |   308 |   636 ||  1640
       War axe           |       |       |    93 |   512 |   168 |       |       |       |       ||   773
       Constrict         |       |       |       |       |   175 |   154 |   206 |   187 |   266 ||   988
       Broad axe         |       |       |       |       |   546 |   770 |   921 |  1350 |  1837 ||  5424
       Demon whip        |       |       |       |       |       |   102 |   208 |       |    59 ||   369
 Fire: Hunting sling     |       |    11 |     3 |       |       |       |       |       |       ||    14
Throw: Stone             |       |       |       |       |     1 |       |       |       |       ||     1
       Javelin           |       |       |       |       |       |     1 |       |       |       ||     1
       Throwing net      |       |       |       |       |       |       |       |     1 |       ||     1
 Cast: Pain              |    62 |    53 |    42 |     1 |       |       |       |       |       ||   158
       Animate Skeleton  |    25 |    15 |    19 |       |     9 |     1 |     1 |       |       ||    70
       Vampiric Draining |       |     6 |    24 |    13 |    21 |    24 |     6 |     1 |       ||    95
       Animate Dead      |       |       |     1 |     5 |    52 |    70 |    50 |     7 |    14 ||   199
       Poisonous Vapours |       |       |       |    46 |    40 |    17 |     9 |     1 |    13 ||   126
       Olgreb's Toxic Ra |       |       |       |    17 |    69 |    94 |    60 |    70 |    47 ||   357
       Ignite Poison     |       |       |       |       |     5 |    21 |    16 |    24 |    15 ||    81
       Blink             |       |       |       |       |       |       |     1 |       |     4 ||     5
       Apportation       |       |       |       |       |       |       |     1 |       |     1 ||     2
       Passwall          |       |       |       |       |       |       |       |     1 |     2 ||     3
       Irradiate         |       |       |       |       |       |       |       |     1 |    24 ||    25
       Eringya's Noxious |       |       |       |       |       |       |       |       |    11 ||    11
       Death Channel     |       |       |       |       |       |       |       |       |    45 ||    45
 Abil: Spit Poison       |       |     8 |    14 |     7 |     2 |       |     5 |       |       ||    36
       Breathe Poison Ga |       |       |       |       |       |     6 |     4 |       |       ||    10
       Evoke Berserk Rag |       |       |       |       |       |       |     3 |     1 |     1 ||     5
Evoke: Wand              |       |       |     6 |       |     8 |     4 |     6 |     4 |     5 ||    33
       Removed sack of s |       |       |       |     1 |       |       |       |       |       ||     1
       Tin of tremorston |       |       |       |       |     2 |     1 |       |       |       ||     3
       Phial of floods   |       |       |       |       |     1 |     1 |     1 |     1 |       ||     4
       Phantom mirror    |       |       |       |       |       |       |       |       |     2 ||     2
  Use: Scroll            |     3 |     2 |     9 |    11 |    16 |    17 |    20 |     9 |    43 ||   130
       Potion            |       |     4 |     1 |    10 |     3 |     7 |    15 |     5 |    32 ||    77
 Stab: Sleeping          |       |     3 |    13 |    15 |    20 |    33 |    10 |    15 |    21 ||   130
       Distracted        |       |       |       |     5 |     7 |    23 |     6 |    12 |    54 ||   107
       Confused          |       |       |       |     2 |     4 |     3 |     4 |     5 |     5 ||    23
       Petrifying        |       |       |       |     1 |       |       |       |       |       ||     1
       Invisible         |       |       |       |       |     5 |     2 |     1 |       |       ||     8
       Paralysed         |       |       |       |       |     1 |     3 |       |       |     1 ||     5
       Held in net/web   |       |       |       |       |       |       |       |     1 |       ||     1
       Petrified         |       |       |       |       |       |       |       |       |     3 ||     3
  Eat: Chunk             |     4 |     6 |    26 |    32 |    25 |    23 |    18 |     2 |     2 ||   138
       Ration            |       |       |       |     1 |     2 |     9 |     8 |    10 |    16 ||    46
Armor: Leather armour    |    18 |    47 |   102 |   427 |   339 |   357 |   182 |   402 |   289 ||  2163
       Robe              |     1 |       |       |       |       |       |       |       |       ||     1
       Skin              |       |    14 |       |     2 |       |       |       |       |       ||    16
       Scale mail        |       |       |       |       |       |       |   142 |    66 |       ||   208
       Storm dragon scal |       |       |       |       |       |       |   185 |       |       ||   185
       Acid dragon scale |       |       |       |       |       |       |       |       |   278 ||   278
Dodge: Dodged            |    26 |    32 |    41 |   120 |   136 |   195 |   143 |   523 |   804 ||  2020
       Repelled          |       |       |       |       |       |       |       |    40 |    44 ||    84
Block: Kite shield       |       |       |    52 |   150 |       |       |       |       |       ||   202
       Tower shield      |       |       |       |   294 |   675 |  1015 |  1046 |  1074 |  1716 ||  5820
       Reflection        |       |       |       |       |    13 |    34 |   109 |     6 |       ||   162

Table legend:
 A = Non-vault XP
 B = Vault XP
 C = Vault XP percentage of total XP
 D = Non-vault monster count
 E = Vault monster count
 F = Vault count percentage of total count
                 A         B        C        D         E       F
            +---------+---------+-------+---------+---------+-------
      Total |  761872 |  815698 |  51.7 |    1550 |     890 |  36.5
            +---------+---------+-------+---------+---------+-------
        D:1 |      24 |       0 |   0.0 |      17 |       0 |   0.0
        D:2 |      58 |      13 |  18.3 |      27 |       8 |  22.9
        D:3 |      63 |      35 |  35.7 |      26 |       1 |   3.7
        D:4 |     562 |     220 |  28.1 |      14 |       2 |  12.5
        D:5 |     471 |     407 |  46.4 |      20 |       4 |  16.7
        D:6 |     406 |     202 |  33.2 |      12 |       1 |   7.7
        D:7 |     615 |     852 |  58.1 |      20 |       2 |   9.1
        D:8 |     874 |       0 |   0.0 |      20 |       0 |   0.0
        D:9 |    1593 |     422 |  20.9 |      15 |       3 |  16.7
       D:10 |    5558 |     273 |   4.7 |      40 |       1 |   2.4
       D:11 |    3841 |    3571 |  48.2 |      30 |      10 |  25.0
       D:12 |    2717 |   13319 |  83.1 |      28 |      54 |  65.9
       D:13 |    5301 |    8652 |  62.0 |      31 |       9 |  22.5
       D:14 |   12678 |    8190 |  39.2 |      33 |      14 |  29.8
       D:15 |    9097 |     548 |   5.7 |      27 |       2 |   6.9
     Lair:1 |    4590 |     618 |  11.9 |      21 |       2 |   8.7
     Lair:2 |    1527 |     576 |  27.4 |       7 |       3 |  30.0
     Lair:3 |    2426 |    1613 |  39.9 |      10 |       4 |  28.6
     Lair:4 |    5550 |       0 |   0.0 |      24 |       0 |   0.0
     Lair:5 |    5191 |       0 |   0.0 |      22 |       0 |   0.0
     Lair:6 |    8965 |   10127 |  53.0 |      34 |      23 |  40.4
    Swamp:1 |   11493 |       0 |   0.0 |      36 |       0 |   0.0
    Swamp:2 |    8004 |    4804 |  37.5 |      29 |       2 |   6.5
    Swamp:3 |    7639 |       0 |   0.0 |      24 |       0 |   0.0
    Swamp:4 |    6290 |   21103 |  77.0 |      20 |      24 |  54.5
   Spider:1 |    9449 |    2213 |  19.0 |      25 |       1 |   3.8
   Spider:2 |   15966 |    4778 |  23.0 |      45 |       3 |   6.2
   Spider:3 |    6360 |    4038 |  38.8 |      20 |       7 |  25.9
   Spider:4 |   13279 |   22876 |  63.3 |      38 |      43 |  53.1
      Orc:1 |    6561 |    2022 |  23.6 |      54 |       2 |   3.6
      Orc:2 |    5263 |   13133 |  71.4 |      30 |      37 |  55.2
      Elf:1 |   11194 |    7408 |  39.8 |      19 |      10 |  34.5
      Elf:2 |   26310 |   20302 |  43.6 |      40 |      26 |  39.4
      Elf:3 |   21812 |   61736 |  73.9 |      34 |      47 |  58.0
   Vaults:1 |    9036 |   10457 |  53.6 |      18 |      29 |  61.7
   Vaults:2 |   32514 |   30646 |  48.5 |      55 |      28 |  33.7
   Vaults:3 |   23946 |   24375 |  50.4 |      49 |      58 |  54.2
   Vaults:4 |   21808 |   56373 |  72.1 |      34 |      54 |  61.4
   Vaults:5 |   21164 |  107767 |  83.6 |      28 |      83 |  74.8
    Crypt:1 |   35900 |    3361 |   8.6 |      57 |       3 |   5.0
    Crypt:2 |   14387 |       0 |   0.0 |      27 |       0 |   0.0
    Crypt:3 |       0 |   74695 | 100.0 |       0 |      79 | 100.0
   Depths:1 |   35025 |   18805 |  34.9 |      53 |      23 |  30.3
   Depths:2 |   51915 |   54978 |  51.4 |      60 |      40 |  40.0
   Depths:3 |   28786 |   17081 |  37.2 |      40 |      20 |  33.3
   Depths:4 |   26530 |   29373 |  52.5 |      37 |      13 |  26.0
   Depths:5 |   43978 |   27724 |  38.7 |      52 |      16 |  23.5
      Zot:1 |   62737 |   23129 |  26.9 |      49 |      14 |  22.2
      Zot:2 |   37212 |       0 |   0.0 |      26 |       0 |   0.0
      Zot:3 |   49355 |   28819 |  36.9 |      39 |      20 |  33.9
      Zot:4 |   27930 |   21280 |  43.2 |      19 |      30 |  61.2
      Zot:5 |   17922 |   69673 |  79.5 |      15 |      23 |  60.5
   Gauntlet |       0 |    3111 | 100.0 |       0 |      12 | 100.0
            +---------+---------+-------+---------+---------+-------
